 Dungeon Crawl Stone Soup version 0.22-a0-603-gfc1114d (webtiles) character file.

12460852 Sphara the Sorcerer (level 27, 174/174 HPs)
             Began as a Deep Elf Enchanter on July 4, 2018.
             Was a Follower of Uskayaw.
             Escaped with the Orb
             ... and 15 runes on July 7, 2018!
             The game lasted 13:36:01 (129856 turns).

Sphara the Sorcerer (Deep Elf Enchanter)          Turns: 129856, Time: 13:36:01

Health: 174/174    AC: 34    Str: 17    XL:     27
Magic:  48/48      EV: 29    Int: 45    God:    Uskayaw [*.....]
Gold:   5821       SH: 16    Dex: 19    Spells: 5/76 levels left

rFire    + + +     SeeInvis .   a - +9 double sword (holy)
rCold    + + .     Gourm    .   V - +2 shield of Resistance {rF+ rC+ MR+}
rNeg     + + +     Faith    .   T - +6 acid dragon scales
rPois    +         Spirit   .   t - +1 helmet of Gawk {Str+6}
rElec    +         Reflect  .   r - +3 cloak "Waem" {*Corrode rF+ MR+++ Regen+}
rCorr    +         Harm     .   k - +2 pair of gloves {Str+3}
MR       +++++                  K - +4 pair of boots of Boredom {Dex+4}
Stlth    +++.......             Y - macabre finger necklace {rN+}
HPRegen  0.79/turn              w - ring "Puephonn" {rN++ MR+ AC+5}
MPRegen  0.31/turn              D - ring "Guhov" {rPois Int+9}
                                B - ring of Ephemeral Luck {+Blink rElec rF+ rN+ Str+3}

@: no status effects
A: hooves 1, rugged brown scales 1, clever 1, cold resistance 1, deterioration
1, frail 1, low mp 1, electricity resistance, subdued magic 1, MP-powered wands,
sturdy frame 1
0: Orb of Zot
}: 15/15 runes: decaying, serpentine, slimy, silver, golden, iron, obsidian,
icy, bone, abyssal, demonic, glowing, magical, fiery, dark
a: Stomp, Renounce Religion, Evoke Blink


You escaped.
You worshipped Uskayaw.
Uskayaw was greatly pleased with you.
You were not hungry.

You visited 17 branches of the dungeon, and saw 88 of its levels.
You visited Pandemonium 3 times, and saw 18 of its levels.
You visited the Abyss 4 times.
You visited 1 bazaar.
You visited 2 ziggurats, and saw 28 of their levels (deepest: 15).
You also visited: Labyrinth, Trove and Ice Cave.

You collected 14173 gold pieces.
You spent 8352 gold pieces at shops.

Inventory:

Hand Weapons
 a - a +9 double sword of holy wrath (weapon)
 b - a +9 quick blade of venom
Missiles
 Q - 7 throwing nets (quivered)
Armour
 k - a +2 pair of gloves of strength (worn)
 r - the +3 cloak "Waem" (worn) {*Corrode rF+ MR+++ Regen+}
   (You found it on level 12 of a ziggurat)

   It protects you from fire.
   It affects your resistance to hostile enchantments.
   It increases your rate of regeneration.
   It may corrode you when you take damage.
 t - the +1 helmet of Gawk (worn) {Str+6}
   (You acquired it on level 1 of the Tomb of the Ancients)

   It affects your strength (+6).
 K - the +4 pair of boots of Boredom (worn) {Dex+4}
   (Okawaru gifted it to you on level 1 of the Elven Halls)

   It affects your dexterity (+4).
 T - +6 acid dragon scales (worn)
 V - the +2 shield of Resistance (worn) {rF+ rC+ MR+}
   (You found it on level 5 of the Pits of Slime)

   It protects you from fire.
   It protects you from cold.
   It affects your resistance to hostile enchantments.
Magical Staves
 U - an uncursed staff of energy
Jewellery
 i - the ring "Bamet" {MR+ Dex+4 Slay+3 Stlth+}
   (You found it in Pandemonium)

   [ring of stealth]

   It affects your dexterity (+4).
   It affects your accuracy and damage with ranged weapons and melee attacks
   (+3).
   It affects your resistance to hostile enchantments.
   It makes you more stealthy.
 w - the ring "Puephonn" (left hand) {rN++ MR+ AC+5}
   (You found it on level 3 of the Tomb of the Ancients)

   [ring of protection]

   It affects your AC (+5).
   It greatly protects you from negative energy.
   It affects your resistance to hostile enchantments.
 B - the ring of Ephemeral Luck (on amulet) {+Blink rElec rF+ rN+ Str+3}
   (You took it off a skeletal warrior on level 2 of the Crypt)

   [ring of positive energy]

   It affects your strength (+3).
   It protects you from fire.
   It insulates you from electricity.
   It protects you from negative energy.
   It lets you blink.
 D - the ring "Guhov" (right hand) {rPois Int+9}
   (You took it off a deep elf blademaster on level 3 of the Elven Halls)

   [ring of poison resistance]

   It affects your intelligence (+9).
   It protects you from poison.
 L - the ring "Cevvud" {Int+4 SInv}
   (You found it on level 3 of the Tomb of the Ancients)

   [ring of intelligence]

   It affects your intelligence (+4).
   It lets you see invisible.
 Y - the macabre finger necklace (around neck) {rN+}
   (You found it on level 8 of a ziggurat)

   [amulet of nothing]

   It protects you from negative energy.
Wands
 u - a wand of clouds (7)
 G - a wand of acid (14)
 P - a wand of paralysis (86)
 R - a wand of iceblast (48)
 W - a wand of digging (40)
Scrolls
 c - 6 scrolls of immolation
 d - 2 scrolls of summoning
 e - 9 scrolls of holy word
 l - 37 scrolls of remove curse
 n - 9 scrolls of teleportation
 q - 3 scrolls of fear
 s - 3 scrolls of enchant armour
 y - 7 scrolls of identify
 C - 16 scrolls of fog
 H - 13 scrolls of blinking
Potions
 g - 6 potions of heal wounds
 h - 2 potions of haste
 m - 13 potions of brilliance
 p - 10 potions of curing
 v - 10 potions of might
 x - a potion of cancellation
 A - a potion of magic
 F - 3 potions of resistance
 J - 3 potions of agility
 N - 11 potions of flight
 S - a potion of berserk rage
Miscellaneous
 j - 10 sacks of spiders
 o - a lamp of fire
 E - a phial of floods
 I - 10 boxes of beasts
 M - a fan of gales
 O - 2 phantom mirrors
Comestibles
 z - 34 rations


   Skills:
 - Level 23.4 Fighting
 - Level 14.2(18.1) Short Blades
 - Level 17.2(18.7) Long Blades
 - Level 6.0 Armour
 - Level 20.9 Dodging
 - Level 18.2 Stealth
 - Level 15.1 Shields
 - Level 25.0 Spellcasting
 - Level 21.6 Conjurations
 - Level 12.4 Hexes
 - Level 8.1 Summonings
 - Level 11.4 Necromancy
 - Level 4.3 Translocations
 - Level 7.0 Transmutations
 - Level 23.5 Air Magic
 - Level 23.7 Earth Magic
 + Level 21.5 Invocations
 - Level 12.0 Evocations


You had 5 spell levels left.
You knew the following spells:

 Your Spells              Type           Power        Failure   Level  Hunger
a - Passwall              Tmut/Erth      #######.     0%          2    None
b - Spectral Weapon       Hex/Chrm       ######..     1%          3    None
c - Tornado               Air            ########..   1%          9    None
d - Confuse               Hex            #######.     0%          3    None
e - Lesser Beckoning      Tloc           ######....   1%          3    None
f - Shatter               Erth           ########..   1%          9    None
g - Apportation           Tloc           ######       1%          1    None
h - Summon Lightning Spi  Summ/Air       ########     0%          4    None
i - Sublimation of Blood  Necr           #######...   0%          2    None
j - Invisibility          Hex            #######.     1%          6    None
l - Passage of Golubria   Tloc           N/A          1%          4    None
m - Blink                 Tloc           N/A          1%          2    None
n - Iron Shot             Conj/Erth      ########..   0%          6    None
o - Statue Form           Tmut/Erth      #######..    1%          6    None
p - Chain Lightning       Conj/Air       ########..   1%          8    None
z - Regeneration          Chrm/Necr      ######....   1%          3    None

Your spell library contained the following spells:

 Spells                   Type           Power        Failure   Level  Hunger
 Cause Fear               Hex            #######...   0%          4    None
 Magic Dart               Conj           ####         0%          1    None
 Fireball                 Conj/Fire      #######...   1%          5    None
 Conjure Flame            Conj/Fire      #######.     0%          3    None
 Bolt of Fire             Conj/Fire      #######...   1%          6    None
 Bolt of Cold             Conj/Ice       #######...   1%          6    None
 Lightning Bolt           Conj/Air       ########..   0%          5    None
 Bolt of Magma            Conj/Fire/Erth #######...   0%          5    None
 Throw Flame              Conj/Fire      ######       0%          2    None
 Throw Frost              Conj/Ice       ######       0%          2    None
 Controlled Blink         Tloc           N/A          96%         8    None
 Freezing Cloud           Conj/Ice/Air   #######...   1%          6    None
 Mephitic Cloud           Conj/Pois/Air  #######.     0%          3    None
 Ring of Flames           Chrm/Fire      #####.....   92%         7    None
 Venom Bolt               Conj/Pois      #######...   1%          5    None
 Olgreb's Toxic Radiance  Pois           #####...     1%          4    None
 Teleport Other           Tloc           ######..     1%          3    None
 Death's Door             Chrm/Necr      ######....   86%         8    None
 Summon Small Mammal      Summ           ####         0%          1    None
 Bolt of Draining         Conj/Necr      ########..   0%          5    None
 Lehudib's Crystal Spear  Conj/Erth      ########..   1%          8    None
 Fire Storm               Conj/Fire      #######...   97%         9    None
 Iskenderun's Mystic Bla  Conj           ########     0%          4    None
 Summon Horrible Things   Summ           #######...   50%         8    None
 Animate Dead             Necr           N/A          0%          4    None
 Pain                     Necr           ####         0%          1    None
 Animate Skeleton         Necr           N/A          0%          1    None
 Vampiric Draining        Necr           #######...   0%          3    None
 Haunt                    Necr/Summ      #######...   3%          7    None
 Borgnjor's Revivificati  Necr           #######...   14%         8    None
 Freeze                   Ice            ####         1%          1    None
 Ozocubu's Refrigeration  Ice            #####.....   36%         6    None
 Sticky Flame             Conj/Fire      #######.     0%          4    None
 Summon Ice Beast         Ice/Summ       ######..     1%          4    None
 Ozocubu's Armour         Chrm/Ice       #####...     1%          3    None
 Call Imp                 Summ           #######.     0%          2    None
 Dispel Undead            Necr           #######.     1%          5    None
 Poison Arrow             Conj/Pois      #######...   1%          6    None
 Sting                    Conj/Pois      ####         0%          1    None
 Tukima's Dance           Hex            #######.     0%          3    None
 Summon Demon             Summ           #######...   1%          5    None
 Summon Greater Demon     Summ           #######...   7%          7    None
 Corpse Rot               Necr           N/A          0%          2    None
 Stone Arrow              Conj/Erth      ######       0%          3    None
 Shock                    Conj/Air       ####         0%          1    None
 Swiftness                Chrm/Air       #######.     0%          2    None
 Recall                   Summ/Tloc      N/A          1%          3    None
 Agony                    Necr           #######.     1%          5    None
 Spider Form              Tmut/Pois      ######....   1%          3    None
 Blade Hands              Tmut           #######...   1%          5    None
 Ice Form                 Ice/Tmut       ######..     1%          4    None
 Dragon Form              Tmut           #######...   12%         7    None
 Necromutation            Tmut/Necr      #######...   36%         8    None
 Deflect Missiles         Chrm/Air       #######...   1%          6    None
 Throw Icicle             Conj/Ice       #######.     0%          4    None
 Glaciate                 Conj/Ice       #######...   97%         9    None
 Airstrike                Air            ########..   0%          4    None
 Shadow Creatures         Summ           N/A          1%          6    None
 Confusing Touch          Hex            ######       0%          1    None
 Flame Tongue             Conj/Fire      #####        0%          1    None
 Ignite Poison            Fire/Tmut/Pois ######..     1%          3    None
 Sticks to Snakes         Tmut           #######.     0%          2    None
 Call Canine Familiar     Summ           #######.     0%          3    None
 Ensorcelled Hibernation  Hex/Ice        ######       0%          2    None
 Metabolic Englaciation   Hex/Ice        ######....   1%          5    None
 Summon Butterflies       Summ           #######.     0%          1    None
 Silence                  Hex/Air        ########..   0%          5    None
 Dispersal                Tloc           ######....   6%          6    None
 Static Discharge         Conj/Air       ########     0%          3    None
 Corona                   Hex            #######      0%          1    None
 Lee's Rapid Deconstruct  Erth           ########..   0%          5    None
 Sandblast                Erth           ######       0%          1    None
 Simulacrum               Ice/Necr       ######....   3%          6    None
 Conjure Ball Lightning   Conj/Air       ########..   0%          6    None
 Excruciating Wounds      Chrm/Necr      ######....   1%          5    None
 Portal Projectile        Hex/Tloc       ######       0%          3    None
 Monstrous Menagerie      Summ           #######...   7%          7    None
 Petrify                  Tmut/Erth      #######.     0%          4    None
 Orb of Destruction       Conj           ########..   0%          7    None
 Malign Gateway           Summ/Tloc      ######....   16%         7    None
 Leda's Liquefaction      Hex/Erth       ########..   0%          4    None
 Summon Hydra             Summ           #######...   7%          7    None
 Darkness                 Hex            #######...   1%          6    None
 Shroud of Golubria       Chrm/Tloc      ######....   1%          2    None
 Inner Flame              Hex/Fire       ######..     1%          3    None
 Aura of Abjuration       Summ           #######...   1%          5    None
 Beastly Appendage        Tmut           ######       0%          1    None
 Disjunction              Tloc           ######....   96%         8    None
 Fulminant Prism          Conj/Hex       ########..   0%          4    None
 Dazzling Spray           Conj/Hex       ######       0%          3    None
 Force Lance              Conj/Tloc      #######.     0%          4    None
 Infusion                 Chrm           ####         1%          1    None
 Song of Slaying          Chrm           #####...     1%          2    None
 Searing Ray              Conj           ######       0%          2    None
 Discord                  Hex            #######...   10%         8    None
 Summon Forest            Summ/Tloc      ######....   1%          5    None
 Summon Guardian Golem    Hex/Summ       #######.     0%          3    None
 Dragon's Call            Summ           #######...   100%        9    None
 Spellforged Servitor     Conj/Summ      #######...   1%          7    None
 Summon Mana Viper        Hex/Summ       #######.     1%          5    None
 Hydra Form               Tmut           #######...   1%          6    None
 Irradiate                Conj/Tmut      #######...   0%          5    None
 Gell's Gravitas          Tloc           ######....   1%          3    None
 Yara's Violent Unravell  Hex/Tmut       #######...   1%          5    None
 Infestation              Necr           #######...   14%         8    None
 Poisonous Vapours        Pois/Air       ######       0%          2    None
 Ignition                 Fire           #####.....   100%        8    None
 Borgnjor's Vile Clutch   Necr/Erth      ########..   0%          5    None


Dungeon Overview and Level Annotations

Branches:
Dungeon (15/15)            Temple (0/1) D:5            Lair (6/6) D:10
  Swamp (4/4) Lair:4        Snake (4/4) Lair:4        Slime (5/5) Lair:5
    Orc (2/2) D:12            Elf (3/3) Orc:2        Vaults (5/5) D:13
  Crypt (3/3) Vaults:3       Tomb (3/3) Crypt:3      Depths (5/5) D:15
   Hell (1/1)                 Dis (7/7) Hell            Geh (7/7) Hell
    Coc (7/7) Hell            Tar (7/7) Hell            Zot (5/5) Depths:5

Altars:
Cheibriados
Dithmenos
Elyvilon
Fedhas
Gozag
Nemelex Xobeh
Okawaru
Qazlal
Sif Muna
Trog
Uskayaw
Vehumet
Xom
Yredelemnul
Zin
The Shining One
Beogh
Jiyva
Lugonu

Shops:
D:4 [   D:11 [(?   D:13 (   D:15 %=?(?   Orc:1 *   Orc:2 *?*   Elf:1 ?
Elf:2 !   Elf:3 *   Vaults:1 [([   Vaults:2 *

Portals:
Hell: Depths:1 Depths:2 Depths:3 Depths:4 Depths:5
Abyss: Depths:3 Depths:4
Pandemonium: Depths:3 Depths:5

Annotations:
D:9 exclusion: oklob plant
D:11 1 runed door
Snake:1 exclusion: downstairs
Elf:2 5 runed doors
Elf:3 1 exclusion
Vaults:1 exclusion: downstairs
Vaults:3 exclusion: upstairs
Tar:7 Ereshkigal
Zot:2 2 runed doors, Adonum's ghost, legendary NaFi
Zot:3 2 transporters, exclusion: obsidian statue


Innate Abilities, Weirdness & Mutations

You have large cloven feet.
You are partially covered in rugged brown scales. (AC +1, +3% HP)
Your mind is acute. (Int +2)
Your flesh is cold resistant. (rC+)
Your body sometimes deteriorates upon taking damage.
You are frail. (-10% HP)
Your magical capacity is low. (-10% MP)
You are resistant to electric shocks. (rElec)
Your spells are a little easier to cast, but a little less powerful.
You expend magic power (3 MP) to strengthen your wands.
Your movements are slightly less encumbered by armour. (ER -2)


Message History

You finish merging with the rock.
Unknown command.
Evoke which item? (* to show all) (? for menu, Esc to quit)
Aiming: Dig
Press: ? - help, Shift-Dir - straight line A rock wall.
This square is covered in magical glow.
The rock shatters into small pieces.
You feel a surge of power!
Casting: Passwall (safe; 0% risk of failure)
Confirm with . or Enter, or press ? or * to list all spells.
Aiming: Passwall (safe; 0% risk of failure)
Press: ? - help, Dir - move target cursor A rock wall.
This square is covered in magical glow.
You begin to meditate on the wall.
You continue meditating on the rock. x2
You finish merging with the rock.
Unknown command.
There is an open door here.
There is a staircase leading out of the dungeon here.
You have escaped!

#'# ####.####
#.'...'.# ####
####.########### #...
#.'...'.#......###...
####.####............
#.'...'.#.....P.....♣
####.####.###P..PP..♣
#.'.@.'...# #.P.♣♣PP.
####.###### #.♣♣♣P...
#.'...'.# #.P....##
####.#### ##...P.##
#.'...'.# ##P....#
####.#### #####.#
#.'...'.# #..
####.#### ####.. #'#
#.....


There were no monsters in sight!

Vanquished Creatures
  Cerebov (Pan)
  Antaeus (Coc:7)
  the Royal Jelly (Slime:5)
  Asmodeus (Geh:7)
  Gloorx Vloq (Pan)
  the Serpent of Hell (Coc:7)
  6 pandemonium lords
  Mnoleg (Pan)
  Dispater (Dis:7)
  6 orbs of fire
  6 ancient liches
  Mennas (Vaults:1)
  3 juggernauts
  30 greater mummies
  Sojobo (Tomb:1)
  Frederick (Depths:4)
  the Lernaean hydra (Swamp:4)
  14 Killer Klowns
  Bai Suzhen (Crypt:2)
  8 shard shrikes
  Geryon (Hell)
  7 curse toes
  Vashnia (Snake:2)
  Xtahua (Crypt:3)
  9 golden dragons
  9 Tzitzimimeh
  16 Brimstone Fiends
  6 doom hounds
  7 bone dragons
  A hellephant (Zig:14)
  2 electric golems
  Jorgrun (Snake:2)
  5 iron giants
  20 tentacled monstrosities
  Rupert (D:14)
  16 Ice Fiends
  5 Hell Sentinels (Dis:7)
  7 deep elf master archers
  28 Orb Guardians
  32 acid blobs
  A quicksilver dragon (shapeshifter) (Zig:12)
  4 deep elf blademasters
  13 liches
  16 titans
  13 quicksilver dragons
  7 death cobs
  22 ancient champions
  3 tentacled starspawn
  9 sphinxes
  3 thorn hunters
  28 Executioners
  Agnes (Snake:2)
  Kirke (Lair:4)
  12 shadow dragons
  Roxanne (Snake:2)
  8 storm dragons
  6 revenants
  18 draconian monks
  9 nagarajas
  5 tengu reavers
  A daeva (Zig:9)
  Donald (Vaults:2)
  25 fire giants
  A fire giant (shapeshifter) (Zig:12)
  A frost giant (shapeshifter) (Zig:12)
  An iron dragon (shapeshifter) (Depths:3)
  12 azure jellies
  15 draconian scorchers
  Aizul (Snake:3)
  19 vault wardens
  8 draconian knights
  23 frost giants
  Louise (Swamp:2)
  6 warmongers
  9 deep elf sorcerers
  33 balrugs
  4 ghost moths
  4 iron dragons
  An orc warlord (Vaults:4)
  21 cacodemons
  3 curse skulls
  5 deep elf elementalists
  5 angels
  8 draconian shifters
  11 draconian stormcallers
  2 juggernaut zombies
  9 draconian annihilators
  7 ghouls
  29 stone giants
  15 ironheart preservers
  2 caustic shrike skeletons
  6 war gargoyles
  26 very ugly things
  The ghost of Xunt the Cruncher, a journeyman NaWz of Kikubaaqudgha (Lair:4)
  An elemental wellspring (Coc:7)
  8 vampire knights
  55 reapers
  3 blood saints (Pan)
  4 entropy weavers
  Nessos (D:14)
  30 green draconians
  8 bennus
  2 apis (Zig:9)
  3 corrupters (Pan)
  4 deep elf demonologists
  13 purple draconians
  6 lorocyprocas (Pan)
  6 black suns
  7 deep elf annihilators
  2 minotaurs
  18 black draconians
  15 red draconians
  2 dire elephants
  2 ophanim (Zig:9)
  25 white draconians
  A dire elephant (shapeshifter) (Vaults:5)
  3 spark wasps (Depths:5)
  16 yellow draconians
  7 death oozes
  22 blizzard demons
  8 green deaths
  7 ettins
  3 quicksilver dragon zombies
  3 deep elf death magi
  17 yaktaur captains
  4 jiangshi
  23 mummy priests
  2 eidola (Zig:6)
  9 fire dragons
  12 great orbs of eyes
  2 deep elf high priests
  15 hydras
  26 ice dragons
  Erolcha (D:13)
  3 quicksilver dragon skeletons
  5 hell beasts
  4 rakshasas
  8 naga warriors
  24 vault guards
  3 monstrous demonspawn (Pan)
  11 centaur warriors
  A spriggan air mage (Depths:4)
  12 ogre magi
  3 ghost crabs
  10 death knights
  8 anacondas
  A death yak (shapeshifter) (Zig:12)
  28 two-headed ogres
  18 death scarabs
  14 hell hogs
  25 dancing weapons
  2 tengu warriors
  3 deep troll earth magi (Depths:2)
  3 shock serpents
  6 vampire magi
  12 alligators
  9 death yaks
  9 orc high priests
  3 storm dragon zombies
  7 deep troll shamans
  2 titan zombies
  10 naga sharpshooters
  5 thrashing horrors
  4 spriggan berserkers
  42 hell knights
  3 wretched stars
  25 soul eaters
  4 titan skeletons
  20 deep elf knights
  3 iron golems
  5 spriggans
  10 shadow wraiths
  48 sun demons
  5 iron trolls
  2 salamander mystics
  23 sixfirhies
  4 cherubim (Zig:9)
  28 deep trolls
  13 flayed ghosts
  4 golden dragon zombies
  8 gelid demonspawn (Pan)
  A sea snake (shapeshifter) (D:13)
  84 skeletal warriors
  A ghost moth zombie (Coc:7)
  8 anaconda zombies
  11 wizards
  4 storm dragon skeletons
  5 unseen horrors
  3 infernal demonspawn (Pan)
  2 torturous demonspawn (Pan)
  2 spark wasp zombies (Hell)
  A death drake (shapeshifter) (Vaults:5)
  3 golden dragon skeletons
  A death drake (Depths:5)
  4 tengu zombies
  2 sea snakes (Snake:2)
  24 deep elf archers
  An unseen horror (shapeshifter) (Vaults:2)
  2 deep trolls (shapeshifter)
  6 shambling mangroves
  4 shadow dragon zombies
  8 naga ritualists
  14 swamp dragons
  21 ironbrand convokers
  6 glowing orange brains
  15 shadow demons
  5 anaconda skeletons
  23 starcursed masses
  3 lindwurms (Depths:5)
  An orange crystal statue (Depths:4)
  A kraken simulacrum (Coc:6)
  11 phantasmal warriors
  11 orc knights
  16 necromancers
  2 iron dragon zombies
  8 stone giant zombies
  2 orb spiders (Zig:9)
  5 wolf spider zombies
  A sphinx zombie (Vaults:3)
  6 mana vipers
  40 ugly things
  A faun (shapeshifter) (Zig:7)
  3 orc sorcerers
  5 shadow dragon skeletons
  7 wolf spiders
  4 frost giant zombies
  3 shining eyes
  10 oklob plants
  A tengu skeleton (Zig:8)
  A cyclops (shapeshifter) (Depths:1)
  58 deep elf magi
  20 salamanders
  6 fire giant zombies
  8 stone giant skeletons
  3 iron dragon skeletons
  21 moths of wrath
  5 fire giant skeletons
  An ice statue (Zig:6)
  10 elephants
  24 rust devils
  12 cyclopes
  36 black mambas
  A sphinx skeleton (Zig:5)
  An elf zombie (Hell)
  3 human skeletons
  10 apocalypse crabs
  A black mamba (shapeshifter) (Vaults:4)
  A water nymph (shapeshifter) (Zig:13)
  17 naga magi
  7 titan simulacra (Coc:7)
  9 frost giant skeletons
  3 guardian serpents
  3 storm dragon simulacra (Coc:7)
  24 smoke demons
  3 moths of wrath (shapeshifter)
  A dire elephant zombie (Tar:7)
  10 eyes of devastation
  10 molten gargoyles (Geh:7)
  Psyche (D:10)
  15 vault sentinels
  18 orange demons
  A guardian serpent (shapeshifter) (Depths:2)
  A spiny frog (shapeshifter) (Depths:1)
  3 centaur skeletons
  A shock serpent skeleton (Tar:7)
  2 dire elephant skeletons
  35 hellions
  6 efreet
  2 kobold demonologists (Crypt:3)
  15 spiny frogs
  34 tormentors
  5 komodo dragons
  3 spriggan zombies
  A yaktaur zombie (Hell)
  5 anaconda simulacra
  6 rime drakes
  44 yaktaurs
  35 ice devils
  A yaktaur (shapeshifter) (Zig:2)
  45 guardian mummies
  21 hellwings
  2 tengu conjurers (D:15)
  An entropy weaver simulacrum (Vaults:3)
  13 demonic crawlers
  28 freezing wraiths
  8 hydra zombies
  5 ancient zymes
  A grey draconian skeleton (Crypt:1)
  33 red devils
  3 jumping spiders (Zig:9)
  A meliai (shapeshifter) (Vaults:5)
  A polar bear (shapeshifter) (Vaults:1)
  2 harpy zombies
  12 trolls
  A queen bee (shapeshifter) (Depths:4)
  A silent spectre (Tar:4)
  2 meliai (Abyss:4)
  3 harpy skeletons
  10 tyrant leeches
  18 hornets
  3 hydra skeletons
  A catoblepas skeleton (Geh:7)
  86 slime creatures
  A yaktaur skeleton (Vaults:1)
  7 ettin zombies
  10 blink frogs
  5 hippogriffs
  14 bog bodies
  4 fire dragon zombies
  5 raiju
  An alligator zombie (Coc:7)
  2 black mamba zombies
  2 deep troll zombies
  A slime creature (shapeshifter) (Elf:2)
  3 dream sheep (Lair:6)
  A guardian serpent skeleton (Crypt:2)
  50 large abominations
  6 ice dragon zombies
  77 flying skulls
  Sigmund (D:3)
  4 ice dragon skeletons
  An elf simulacrum (Zig:14)
  10 redbacks
  A spriggan skeleton (Zig:6)
  3 alligator skeletons
  4 ettin skeletons
  5 fire dragon skeletons
  8 shadows
  2 tarantellas (Zig:9)
  18 wraiths
  2 air elementals (Elf:2)
  2 vampires
  24 ynoxinuls
  24 water elementals
  34 yaks
  24 ushabtiu
  7 wyverns
  2 wyverns (shapeshifter)
  29 fire elementals
  A hog (Lair:4)
  13 golden eyes
  3 black mamba skeletons
  11 chaos spawn
  6 fire bats
  6 hungry ghosts
  23 neqoxecs
  19 vampire mosquitoes
  Menkaure (D:4)
  4 human simulacra
  8 wargs
  A redback simulacrum (D:15)
  25 nagas
  A soldier ant (D:15)
  13 swamp worms
  A swamp worm (shapeshifter) (Vaults:5)
  12 insubstantial wisps
  25 hell hounds
  10 spiny frog zombies
  14 hydra simulacra
  12 porcupines
  19 swamp drakes
  3 floating eyes
  3 acid dragons
  An ogre skeleton (Vaults:1)
  2 floating eyes (shapeshifter)
  8 water moccasins
  4 spiny frog skeletons
  A merfolk skeleton (Crypt:3)
  30 orc warriors
  3 black bears
  9 phantoms
  An ettin simulacrum (Vaults:2)
  3 human zombies
  3 ice beasts
  10 sky beasts
  A hornet zombie (Crypt:3)
  A swamp dragon zombie (Geh:7)
  2 snapping turtle zombies
  15 necrophages
  9 eyes of draining
  3 wolves
  4 boggarts
  15 centaurs
  2 manticore skeletons
  A deep troll simulacrum (Depths:1)
  30 ogres
  3 snapping turtle skeletons
  A swamp dragon skeleton (Pan)
  A blink frog skeleton (Crypt:3)
  2 elf skeletons
  14 crocodiles
  16 bullfrogs
  A wyvern zombie (Crypt:2)
  2 earth elementals
  5 small abominations
  2 water moccasin zombies
  A wyvern skeleton (Crypt:3)
  6 scorpions
  A scorpion (shapeshifter) (Vaults:5)
  A killer bee (Abyss:4)
  A snapping turtle simulacrum (Crypt:3)
  A troll zombie (Coc:6)
  A killer bee (shapeshifter) (Vaults:5)
  66 wights
  A yak skeleton (Crypt:2)
  3 howler monkeys (D:9)
  9 crimson imps
  5 bullfrog zombies
  6 centaur zombies
  9 jellies
  A quasit (Abyss:1)
  2 bullfrog skeletons
  16 orc wizards
  28 orc priests
  7 hounds
  3 iguanas
  10 iron imps
  7 worker ants
  2 killer bee zombies
  A demigod zombie (Crypt:2)
  A naga zombie (Crypt:2)
  A sky beast zombie (Crypt:1)
  A naga skeleton (Coc:7)
  A hound zombie (Crypt:1)
  2 hound skeletons (D:8)
  49 mummies
  A worker ant zombie (D:6)
  2 gnolls
  A steam dragon zombie (Crypt:2)
  A swamp drake zombie (Crypt:3)
  5 adders
  5 shadow imps
  13 white imps
  6 oozes
  An adder zombie (D:9)
  A halfling zombie (Crypt:1)
  A worm zombie (Crypt:2)
  3 worms
  A dart slug (D:1)
  6 leopard geckos
  59 orcs
  12 giant cockroaches
  6 goblins
  4 hobgoblins
  11 jackals
  12 kobolds
  5 quokkas
  4 bats
  4 frilled lizards
  A goblin skeleton (Crypt:2)
  A kobold simulacrum (Crypt:1)
  A kobold skeleton (Crypt:1)
  A kobold zombie (Tomb:1)
  A leopard gecko skeleton (D:5)
  An orc skeleton (Pan)
  An orc zombie (Geh:7)
  10 rats
  2 fire vortices (Geh:7)
  A fungus (D:10)
  3 plants
  2 spectral weapons
  2 tentacles
4166 creatures vanquished.

Vanquished Creatures (collateral kills)
  A Killer Klown (Zot:3)
  3 tentacled monstrosities (Zot:3)
  2 deep elf master archers (Elf:3)
  2 deep elf blademasters
  3 quicksilver dragons
  2 sphinxes
  An ancient champion (Crypt:2)
  6 acid blobs (Slime:5)
  2 death cobs (Zot:3)
  A tengu reaver (Vaults:5)
  A storm dragon (Zot:3)
  A revenant (Crypt:3)
  A draconian monk (Depths:5)
  3 deep elf sorcerers (Elf:3)
  4 fire giants
  2 frost giants
  6 vault wardens
  A draconian scorcher (Zot:1)
  2 spriggan defenders (Depths:2)
  An iron dragon (Vaults:5)
  A draconian annihilator (Depths:5)
  5 stone giants
  A very ugly thing (Depths:2)
  4 ironheart preservers
  A green draconian (Crypt:2)
  Azrael (D:13)
  3 red draconians
  A purple draconian (Depths:5)
  A yellow draconian (Zot:3)
  An eidolon (Crypt:3)
  2 deep elf death magi
  3 death oozes (Slime:5)
  4 fire dragons
  6 yaktaur captains
  2 ettins
  6 ogre magi
  A great orb of eyes (Vaults:3)
  2 ice dragons (Coc:7)
  A rakshasa (Depths:3)
  A deep elf high priest (Elf:3)
  10 hydras
  12 vault guards (Vaults:5)
  7 naga warriors
  Harold (D:11)
  29 two-headed ogres
  A catoblepas (Lair:6)
  3 centaur warriors
  8 death yaks
  A deep troll shaman (Lair:6)
  2 alligators (Swamp:1)
  2 deep troll earth magi
  A vampire mage (Depths:1)
  9 naga sharpshooters
  Nergalle (D:11)
  3 spriggans
  2 orc high priests (Orc:2)
  A spriggan berserker (Depths:3)
  2 deep elf knights (Crypt:3)
  2 hell knights (Depths:1)
  3 skeletal warriors
  2 salamander mystics
  A sea snake (Snake:2)
  A death drake (shapeshifter) (Vaults:5)
  5 swamp dragons
  5 deep trolls
  A naga ritualist (Snake:3)
  A necromancer (Depths:1)
  2 deep elf archers
  An orc knight (Vaults:2)
  7 mana vipers
  5 deep elf magi
  A cyclops (D:15)
  An orc sorcerer (D:15)
  12 ugly things
  7 salamanders
  2 shining eyes
  A frost giant skeleton (Crypt:3)
  10 naga magi
  7 elephants
  A vault sentinel (Vaults:4)
  7 black mambas
  3 smoke demons (Pan)
  10 spiny frogs
  3 komodo dragons
  An ice devil (Coc:7)
  10 yaktaurs
  A guardian mummy (Crypt:3)
  4 tyrant leeches
  A polar bear (Lair:5)
  4 hornets
  12 slime creatures
  7 blink frogs
  2 dream sheep (Lair:6)
  A hippogriff (Lair:6)
  2 bog bodies
  3 redbacks
  A water elemental (Elf:3)
  2 basilisks
  12 yaks
  3 wraiths
  A fire elemental (D:13)
  A golden eye (Slime:5)
  2 hogs (Lair:4)
  3 vampire mosquitoes
  3 insubstantial wisps (Swamp:1)
  A swamp worm (shapeshifter) (Vaults:5)
  A warg (Orc:2)
  18 nagas
  2 water moccasins (Lair:6)
  8 swamp worms
  3 hell hounds
  4 swamp drakes (Swamp:4)
  8 orc warriors
  An ice beast (D:11)
  18 ogres
  4 wolves
  A centaur (Depths:1)
  A bullfrog (Lair:5)
  16 wights
  An electric eel (Snake:2)
  A jelly (Lair:5)
  10 orc priests
  4 orc wizards
  A tengu skeleton (Crypt:3)
  An ogre zombie (Crypt:3)
  3 oozes (Lair:5)
  22 orcs
  A bush (Lair:6)
  2 fungi (Lair:6)
  5 plants
501 creatures vanquished.

Vanquished Creatures (others)
  2 eldritch tentacles
  A sphinx (Tomb:1)
  A balrug (Pan)
  An elemental wellspring (Coc:7)
  A blizzard demon (Pan)
  A deep troll shaman (Vaults:1)
  2 two-headed ogres
  A hell hog (Geh:6)
  A torturous demonspawn (Pan)
  3 glowing orange brains (Pan)
  A wizard (Pan)
  A fire giant zombie (Hell)
  2 ugly things (Vaults:1)
  A stone giant skeleton (Coc:2)
  18 dancing weapons
  A rust devil (Dis:7)
  A molten gargoyle (Geh:7)
  A hellwing (Pan)
  A blink frog (Lair:5)
  A slime creature (Vaults:1)
  4 flying skulls (Tomb:2)
  A wraith (Vaults:3)
  A fire dragon skeleton (Coc:7)
  A chaos spawn (Pan)
  A naga (Abyss:4)
  An acid dragon (Vaults:2)
  A hydra simulacrum (Depths:2)
  A large abomination (Pan)
  A mummy (Tomb:2)
  5 ball lightnings (Pan)
  An orc (D:15)
  A block of ice (Pan)
  A bush (D:1)
  33 fungi
  44 plants
  8 spectral weapons
  3 starspawn tentacles (Abyss:1)
  8 tentacles
158 creatures vanquished.

Grand Total: 4825 creatures vanquished

Notes
Turn   | Place    | Note
-------+----------+-------------------------------------------
     0 | D:1      | Sphara the Deep Elf Enchanter began the quest for the Orb.
     0 | D:1      | Reached XP level 1. HP: 10/10 MP: 6/6
   386 | D:1      | Reached XP level 2. HP: 16/16 MP: 8/8
   435 | D:1      | Learned a level 2 spell: Ensorcelled Hibernation
  1101 | D:2      | Learned a level 1 spell: Animate Skeleton
  1139 | D:2      | Reached skill level 1 in Fighting
  1139 | D:2      | Reached XP level 3. HP: 20/20 MP: 3/9
  1168 | D:2      | Learned a level 3 spell: Confuse
  2397 | D:2      | Reached XP level 4. HP: 25/25 MP: 3/10
  3151 | D:3      | Noticed Sigmund
  3408 | D:4      | Reached skill level 5 in Hexes
  3743 | D:4      | Reached skill level 5 in Stealth
  3750 | D:4      | Found Lotoer's Antique Armour Shoppe.
  3828 | D:2      | Reached XP level 5. HP: 10/29 MP: 7/11
  4202 | D:4      | Noticed Menkaure
  4212 | D:4      | Killed Menkaure
  4212 | D:4      | Reached skill level 4 in Spellcasting
  4248 | D:4      | Learned a level 3 spell: Tukima's Dance
  4559 | D:3      | Killed Sigmund
  4559 | D:3      | Reached XP level 6. HP: 30/34 MP: 11/15
  5251 | D:4      | Reached skill level 5 in Spellcasting
  5251 | D:4      | Reached XP level 7. HP: 31/38 MP: 9/16
  5493 | D:4      | Found a glowing silver altar of Zin.
  5505 | D:4      | Found a glowing golden altar of the Shining One.
  5505 | D:4      | Found a bloodstained altar of Trog.
  5505 | D:4      | Found a basalt altar of Yredelemnul.
  5509 | D:4      | Found a shadowy altar of Dithmenos.
  5510 | D:4      | Found an iron altar of Okawaru.
  5519 | D:4      | Found a hide-covered altar of Uskayaw.
  5539 | D:4      | Became a worshipper of Warmaster Okawaru
  5587 | D:5      | Entered Level 5 of the Dungeon
  5654 | D:5      | Found a staircase to the Ecumenical Temple.
  5931 | D:5      | Reached skill level 1 in Evocations
  5978 | D:5      | Found a sparkling altar of Nemelex Xobeh.
  6167 | D:5      | Learned a level 3 spell: Dazzling Spray
  6169 | D:5      | Learned a level 1 spell: Apportation
  6446 | D:6      | Reached XP level 8. HP: 44/44 MP: 18/18
  6834 | D:6      | Reached * piety under Okawaru
  6834 | D:6      | Reached skill level 6 in Spellcasting
  7139 | D:4      | Bought a steaming helmet for 247 gold pieces
  7149 | D:4      | Identified the +1 helmet of Wisdom {rF- rN+ Str+3 Stlth+} (You bought it in a shop on level 4 of the Dungeon)
  7353 | D:6      | Found a snail-covered altar of Cheibriados.
  7455 | D:6      | Reached skill level 5 in Evocations
  7646 | D:6      | Reached skill level 5 in Short Blades
  8179 | D:7      | Reached skill level 1 in Invocations
  8332 | D:7      | Identified a scroll of acquirement
  8528 | D:7      | Got a fine war axe {chop}
  8529 | D:7      | Identified the +6 war axe "Ytankuk" {chop, rC+ Str+3} (You took it off an orc on level 7 of the Dungeon)
  8983 | D:8      | Reached ** piety under Okawaru
  8991 | D:8      | Reached XP level 9. HP: 51/51 MP: 18/20
  9797 | D:8      | Found an opulent altar of Gozag.
  9949 | D:9      | Reached *** piety under Okawaru
 10410 | D:9      | Reached skill level 5 in Fighting
 11020 | D:9      | Found a blossoming altar of Fedhas.
 11031 | D:9      | Noticed an oklob plant
 11196 | D:9      | Reached **** piety under Okawaru
 11223 | D:9      | Reached XP level 10. HP: 59/59 MP: 1/21
 11683 | D:10     | Entered Level 10 of the Dungeon
 11941 | D:10     | Noticed an unseen horror
 11949 | D:10     | Killed an unseen horror
 12162 | D:10     | Reached skill level 5 in Dodging
 12190 | D:10     | Found a stormy altar of Qazlal.
 12291 | D:10     | Noticed a two-headed ogre
 12316 | D:10     | Killed a two-headed ogre
 12316 | D:10     | Reached ***** piety under Okawaru
 12357 | D:10     | Noticed a red ugly thing
 12678 | D:10     | Killed a red ugly thing
 12683 | D:10     | Found a staircase to the Lair.
 12831 | D:10     | Received a gift from Okawaru
 12984 | D:10     | Reached skill level 7 in Spellcasting
 13098 | D:10     | Learned a level 4 spell: Summon Lightning Spire
 13127 | D:10     | Reached skill level 1 in Summonings
 13127 | D:10     | Reached skill level 1 in Air Magic
 13127 | D:10     | Reached XP level 11. HP: 39/64 MP: 13/23
 13345 | D:10     | Noticed Psyche
 13360 | D:10     | Killed Psyche
 13506 | D:10     | Noticed a two-headed ogre
 13532 | D:10     | Killed a two-headed ogre
 13719 | D:10     | Found a white marble altar of Elyvilon.
 14014 | Lair:1   | Entered Level 1 of the Lair of Beasts
 14016 | Lair:1   | Upgraded the game from 0.22-a0-587-g7d32d7c to 0.22-a0-596-gfbd32a6
 14021 | Lair:1   | Found a frozen archway.
 14044 | IceCv    | Entered an ice cave
 14211 | Lair:1   | Noticed an eight-headed hydra
 14227 | Lair:1   | Killed an eight-headed hydra
 14354 | Lair:1   | Reached skill level 5 in Summonings
 14433 | Lair:1   | Noticed an oklob plant
 14434 | Lair:1   | Found a glowing golden altar of the Shining One.
 14639 | Lair:1   | Killed an oklob plant
 14639 | Lair:1   | Reached skill level 5 in Air Magic
 14658 | Lair:1   | Found a shimmering altar of Xom.
 15066 | Lair:2   | Learned a level 4 spell: Airstrike
 15093 | Lair:2   | Reached skill level 1 in Necromancy
 16043 | Lair:2   | Noticed an oklob plant
 16378 | Lair:3   | Received a gift from Okawaru
 16415 | Lair:3   | Noticed a seven-headed hydra
 16488 | Lair:3   | Killed a seven-headed hydra
 16488 | Lair:3   | Reached skill level 10 in Stealth
 16864 | Lair:3   | Reached XP level 12. HP: 71/71 MP: 24/24
 17085 | Lair:4   | Noticed Kirke
 17160 | Lair:4   | Found a staircase to the Snake Pit.
 17781 | Lair:4   | Noticed a minotaur
 17786 | Lair:4   | Noticed Xunt's ghost (journeyman NaWz)
 17874 | Lair:4   | Found a runed gate.
 17874 | Lair:4   | Found a runed gate.
 17874 | Lair:4   | Found a runed gate.
 18171 | Lair:4   | Reached ****** piety under Okawaru
 18171 | Lair:4   | Received a gift from Okawaru
 18804 | Lair:4   | Received a gift from Okawaru
 18853 | Lair:4   | Found a staircase to the Swamp.
 18945 | Lair:4   | Killed Kirke
 19534 | Lair:5   | Found a staircase to the Slime Pits.
 19559 | Lair:5   | Noticed a death yak
 19560 | Lair:5   | Noticed a death yak
 19567 | Lair:5   | Noticed a death yak
 19572 | Lair:5   | Killed a death yak
 19578 | Lair:5   | Killed a death yak
 19578 | Lair:5   | Received a gift from Okawaru
 19581 | Lair:5   | Killed a death yak
 19692 | Lair:5   | Noticed a death yak
 19692 | Lair:5   | Noticed a death yak
 19692 | Lair:5   | Noticed a death yak
 19692 | Lair:5   | Noticed a death yak
 19692 | Lair:5   | Noticed a death yak
 19693 | Lair:5   | Noticed a death yak
 19724 | Lair:5   | Killed a death yak
 19726 | Lair:5   | Killed a death yak
 19842 | Lair:5   | Killed a death yak
 19842 | Lair:5   | Reached XP level 13. HP: 79/79 MP: 12/25
 20442 | Lair:5   | Learned a level 3 spell: Regeneration
 20622 | Lair:6   | Entered Level 6 of the Lair of Beasts
 20673 | Lair:6   | Reached skill level 10 in Short Blades
 21273 | Lair:6   | Received a gift from Okawaru
 21273 | Lair:6   | Reached skill level 10 in Air Magic
 21276 | Lair:6   | Got a pair of ichor-stained boots {god gift}
 21349 | Lair:6   | Identified the +2 pair of boots "Ropruen" {rPois rC+ MP-9} (Okawaru gifted it to you on level 6 of the Lair of Beasts)
 21597 | Lair:6   | Reached skill level 8 in Spellcasting
 22033 | Lair:6   | Reached skill level 10 in Hexes
 22252 | Lair:6   | Reached skill level 9 in Spellcasting
 22276 | Lair:6   | Noticed a dire elephant
 22298 | Lair:6   | Killed a dire elephant
 22540 | Lair:6   | Reached skill level 10 in Spellcasting
 22717 | Lair:6   | Learned a level 6 spell: Invisibility
 23454 | Lair:2   | Received a gift from Okawaru
 23454 | Lair:2   | Reached skill level 11 in Spellcasting
 23799 | Lair:2   | Reached XP level 14. HP: 85/86 MP: 13/31
 24071 | D:11     | Found Upuricogy's Antique Weapon Boutique.
 24209 | D:11     | Found Lyzxit's Antique Armour Boutique.
 24293 | D:11     | Found a portal to a secret trove of treasure.
 24334 | D:11     | Noticed Harold
 24346 | D:11     | Killed Harold
 24512 | D:11     | Found Yremaj's Magic Scroll Boutique.
 24520 | D:11     | Bought a scroll of identify for 32 gold pieces
 24520 | D:11     | Bought a scroll of identify for 32 gold pieces
 24580 | D:11     | Noticed Nergalle
 24605 | D:11     | Killed Nergalle
 24605 | D:11     | Reached skill level 12 in Spellcasting
 24778 | D:11     | Learned a level 5 spell: Lightning Bolt
 24816 | D:11     | Found a runed door.
 25648 | D:12     | Found a staircase to the Orcish Mines.
 25953 | D:12     | Reached skill level 1 in Conjurations
 26157 | Orc:1    | Entered Level 1 of the Orcish Mines
 26289 | Orc:2    | Entered Level 2 of the Orcish Mines
 26366 | Orc:2    | Learned a level 2 spell: Passwall
 26370 | Orc:2    | Found a labyrinth entrance.
 26504 | Orc:2    | Received a gift from Okawaru
 26505 | Orc:2    | Got an encrusted cloak {god gift}
 26530 | Orc:2    | Identified the +1 cloak of Leapfrog {rN+} (Okawaru gifted it to you on level 2 of the Orcish Mines)
 26572 | Lab      | Entered a labyrinth
 26660 | Lab      | Reached skill level 13 in Spellcasting
 26936 | Lab      | ## Probably my worst labyrinth loot in the history of my crawling
 27067 | Orc:2    | Found Bifank's Magic Scroll Shop.
 27079 | Orc:2    | Found Yqinifiw's Assorted Antiques.
 27119 | Orc:2    | Bought a scroll of noise for 11 gold pieces
 27770 | Orc:2    | Found a roughly hewn altar of Beogh.
 27799 | Orc:2    | Found Tehukoups's Armour Shop.
 27799 | Orc:2    | Found Ussypn's Assorted Antiques.
 27813 | Orc:2    | Bought a knobbly golden ring for 125 gold pieces
 27813 | Orc:2    | Bought a viscous black potion for 22 gold pieces
 27852 | Orc:2    | Bought a potion of heal wounds for 150 gold pieces
 27861 | Orc:2    | Bought a scroll of fog for 22 gold pieces
 27861 | Orc:2    | Bought a scroll of teleportation for 33 gold pieces
 27861 | Orc:2    | Bought a scroll of enchant armour for 82 gold pieces
 27861 | Orc:2    | Bought a scroll of enchant weapon for 82 gold pieces
 27861 | Orc:2    | Bought a scroll of immolation for 38 gold pieces
 27861 | Orc:2    | Bought a scroll of fog for 22 gold pieces
 27861 | Orc:2    | Bought a scroll of identify for 22 gold pieces
 27929 | Orc:2    | Found a staircase to the Elven Halls.
 27959 | Orc:2    | Reached skill level 5 in Conjurations
 28143 | Orc:1    | Found Dugixt's Assorted Antiques.
 28266 | Orc:1    | Bought a leatherbound book for 420 gold pieces
 28266 | Orc:1    | Bought a wand of iceblast (9) for 112 gold pieces
 28384 | Orc:2    | Found a roughly hewn altar of Beogh.
 28964 | D:13     | Noticed Azrael
 29199 | D:13     | Killed Azrael
 29199 | D:13     | Reached skill level 14 in Spellcasting
 29549 | D:13     | Found Nirroen's Antique Weapon Shop.
 30106 | D:13     | Noticed Erolcha
 30114 | D:13     | Killed Erolcha
 30240 | D:14     | Noticed Rupert
 30249 | D:14     | Killed Rupert
 30578 | D:14     | Found a radiant altar of Vehumet.
 30673 | D:14     | Noticed Nessos
 30680 | D:14     | Received a gift from Okawaru
 30680 | D:14     | Reached XP level 15. HP: 58/90 MP: 15/35
 30704 | D:14     | Killed Nessos
 31151 | D:15     | Entered Level 15 of the Dungeon
 31170 | D:15     | Reached skill level 15 in Spellcasting
 31306 | D:15     | Found Zicroup's Jewellery Shop.
 31317 | D:15     | Found Ryosior's Food Shop.
 31619 | D:15     | Reached skill level 1 in Shields
 31680 | D:15     | Found Xeytwim's Magic Scroll Emporium.
 31696 | D:15     | Bought a scroll of magic mapping for 49 gold pieces
 31696 | D:15     | Bought a scroll of identify for 28 gold pieces
 31696 | D:15     | Bought a scroll of identify for 28 gold pieces
 31696 | D:15     | Bought a scroll of fear for 49 gold pieces
 31696 | D:15     | Bought a scroll of identify for 28 gold pieces
 31696 | D:15     | Bought a scroll of teleportation for 42 gold pieces
 31931 | D:15     | Found a staircase to the Depths.
 32094 | D:15     | Found Moeshe Vups's Magic Scroll Emporium.
 32111 | D:15     | Bought a scroll of magic mapping for 66 gold pieces
 32111 | D:15     | Bought a scroll of summoning for 180 gold pieces
 32136 | D:15     | Found Canuph's Weapon Emporium.
 33531 | Swamp:1  | Entered Level 1 of the Swamp
 34309 | Swamp:1  | Reached skill level 10 in Conjurations
 34653 | Swamp:1  | Received a gift from Okawaru
 34656 | Swamp:1  | Identified the +2 robe of Valiance {rElec MR+ Dex-5} (Okawaru gifted it to you on level 1 of the Swamp)
 35525 | Swamp:2  | Noticed a thorn hunter
 35544 | Swamp:2  | Killed a thorn hunter
 35945 | Swamp:2  | Noticed a thorn hunter
 35979 | Swamp:2  | Killed a thorn hunter
 36372 | Swamp:2  | Noticed Louise
 36463 | Swamp:2  | Killed Louise
 37320 | Swamp:3  | Reached XP level 16. HP: 88/96 MP: 19/37
 37366 | Swamp:3  | Received a gift from Okawaru
 38393 | Swamp:4  | Entered Level 4 of the Swamp
 39103 | Swamp:4  | Received a gift from Okawaru
 39110 | Swamp:4  | Noticed the 27-headed Lernaean hydra
 39129 | Swamp:4  | Killed the 27-headed Lernaean hydra
 39256 | Swamp:4  | Got a decaying rune of Zot
 39910 | Snake:1  | Entered Level 1 of the Snake Pit
 40120 | Snake:1  | Reached skill level 5 in Invocations
 40834 | Snake:2  | Noticed Roxanne
 41142 | Elf:1    | Entered Level 1 of the Elven Halls
 41159 | Elf:1    | Received a gift from Okawaru
 42720 | Elf:1    | Found Useuth's Magic Scroll Boutique.
 42727 | Elf:1    | Bought a scroll of holy word for 142 gold pieces
 42727 | Elf:1    | Bought a scroll of fear for 66 gold pieces
 42727 | Elf:1    | Bought a scroll of fog for 38 gold pieces
 42727 | Elf:1    | Bought a scroll of fear for 66 gold pieces
 42762 | Elf:1    | Learned a level 4 spell: Passage of Golubria
 42779 | Elf:1    | Reached skill level 1 in Translocations
 42960 | Elf:1    | Reached XP level 17. HP: 101/101 MP: 24/38
 42996 | Elf:1    | Reached skill level 15 in Stealth
 43084 | Elf:1    | Received a gift from Okawaru
 43092 | Elf:1    | Identified the +4 pair of boots of Boredom {Dex+4} (Okawaru gifted it to you on level 1 of the Elven Halls)
 43662 | Elf:2    | Reached skill level 10 in Fighting
 43757 | Elf:2    | Found a huge runed gate.
 43757 | Elf:2    | Found a huge runed gate.
 43757 | Elf:2    | Found a huge runed gate.
 43757 | Elf:2    | Found a huge runed gate.
 43775 | Elf:2    | Found a huge runed gate.
 43776 | Elf:2    | Cast into level 3 of the Abyss (a Zot trap)
 43934 | Abyss:3  | Noticed a hellephant
 44184 | Elf:2    | Escaped the Abyss
 44330 | Elf:2    | Found Xusakuce's Distillery.
 44333 | Elf:2    | Bought a potion of curing for 33 gold pieces
 44333 | Elf:2    | Bought a potion of heal wounds for 55 gold pieces
 44333 | Elf:2    | Bought a potion of magic for 88 gold pieces
 44333 | Elf:2    | Bought a potion of curing for 33 gold pieces
 44333 | Elf:2    | Bought 2 potions of heal wounds for 110 gold pieces
 44333 | Elf:2    | Bought a potion of haste for 110 gold pieces
 44333 | Elf:2    | Bought a potion of agility for 44 gold pieces
 44400 | Elf:2    | Reached skill level 5 in Necromancy
 44439 | Elf:3    | Entered Level 3 of the Elven Halls
 44960 | Elf:3    | Found Otis's General Store.
 45392 | Elf:3    | Received a gift from Okawaru
 45393 | Elf:3    | Got a silken robe {god gift}
 45402 | Elf:3    | Reached skill level 16 in Spellcasting
 45594 | Elf:3    | Identified the +2 robe of Inaction {rElec Int+3} (Okawaru gifted it to you on level 3 of the Elven Halls)
 46140 | Elf:3    | Noticed a deep elf master archer
 46291 | Elf:3    | Killed a deep elf master archer
 46388 | Elf:3    | Noticed a deep elf master archer
 46400 | Elf:3    | Killed a deep elf master archer
 46555 | Elf:3    | Noticed a deep elf blademaster
 46717 | Elf:3    | Noticed a deep elf blademaster
 46723 | Elf:3    | Noticed a deep elf blademaster
 46734 | Elf:3    | Killed a deep elf blademaster
 46744 | Elf:3    | Killed a deep elf blademaster
 46749 | Elf:3    | Killed a deep elf blademaster
 46768 | Elf:3    | Identified the ring "Guhov" {rPois Int+9} (You took it off a deep elf blademaster on level 3 of the Elven Halls)
 46971 | Elf:3    | Identified the +0 robe of Nexuchu {rElec} (You took it off a deep elf blademaster on level 3 of the Elven Halls)
 46978 | Elf:3    | Identified the ring "Geepn" {rF+ Int-2 Dex+3 Stlth+} (You took it off a deep elf blademaster on level 3 of the Elven Halls)
 46994 | Elf:3    | Noticed a deep elf master archer
 47003 | Elf:3    | Killed a deep elf master archer
 47003 | Elf:3    | Reached skill level 17 in Spellcasting
 47081 | Elf:3    | Received a gift from Okawaru
 47081 | Elf:3    | Reached XP level 18. HP: 110/110 MP: 1/41
 47087 | Elf:3    | Got a crystal rapier {god gift}
 47088 | Elf:3    | Identified the +4 rapier of Cataclysm {pierce, Str+4} (Okawaru gifted it to you on level 3 of the Elven Halls)
 47239 | Elf:3    | Got a smoking morningstar {crush}
 47240 | Elf:3    | Identified the cursed +2 morningstar of the Known World {crush, rC+ rN++ Str+3} (You took it off a deep elf annihilator on level 3 of the Elven Halls)
 47280 | Elf:3    | Learned a level 2 spell: Blink
 47774 | D:13     | Found a gate to the Vaults.
 47792 | Vaults:1 | Entered Level 1 of the Vaults
 48457 | Vaults:1 | Reached skill level 10 in Dodging
 48643 | Vaults:1 | Got a bloodstained robe
 48800 | Vaults:1 | Received a gift from Okawaru
 48814 | Vaults:1 | Identified the +2 robe of the Morning {MR- Regen+ Int+5 Stlth+} (You found it on level 1 of the Vaults)
 48821 | Vaults:1 | Got a thick robe {god gift}
 48827 | Vaults:1 | Identified the +1 robe "Sosuocin" {Int+2 Dex+3} (Okawaru gifted it to you on level 1 of the Vaults)
 49612 | Vaults:1 | Found Gozag's Antique Armour Emporium.
 49824 | Vaults:1 | Found Gozag's Antique Weapon Emporium.
 49827 | Vaults:1 | Found an opulent altar of Gozag.
 50060 | Vaults:1 | Found Gozag's Antique Armour Shoppe.
 51110 | Vaults:2 | Found Taob's Assorted Antiques.
 51110 | Vaults:2 | Noticed Mennas
 51154 | Vaults:2 | Received a gift from Okawaru
 51263 | Vaults:2 | Reached XP level 19. HP: 102/120 MP: 42/42
 51407 | Vaults:3 | Received a gift from Okawaru
 51411 | Vaults:3 | Identified a +2 pair of boots of running (Okawaru gifted it to you on level 3 of the Vaults)
 51689 | Vaults:3 | Found a staircase to the Crypt.
 53045 | Vaults:3 | Received a gift from Okawaru
 53301 | Vaults:3 | Got a pair of encrusted boots {god gift}
 53315 | Vaults:3 | Identified the +0 pair of boots "Ynety" {MR+ Int+5} (Okawaru gifted it to you on level 3 of the Vaults)
 55204 | Snake:2  | Noticed Jorgrun
 55458 | Snake:2  | Noticed Agnes
 55466 | Snake:2  | Killed Agnes
 55525 | Snake:2  | Killed Jorgrun
 55977 | Snake:2  | Killed Roxanne
 55994 | Snake:2  | Learned a level 6 spell: Iron Shot
 56041 | Snake:2  | Reached XP level 20. HP: 128/128 MP: 43/43
 56058 | Snake:2  | Received a gift from Okawaru
 56136 | Snake:2  | Reached skill level 1 in Earth Magic
 56619 | Snake:2  | Noticed Vashnia
 56634 | Snake:2  | Killed Vashnia
 56676 | Snake:2  | Received a gift from Okawaru
 57479 | D:11     | Bought a scroll of brand weapon for 320 gold pieces
 57574 | Orc:1    | Bought a potion of resistance for 280 gold pieces
 57574 | Orc:1    | Bought a potion of curing for 84 gold pieces
 57574 | Orc:1    | Bought a potion of might for 112 gold pieces
 57574 | Orc:1    | Bought 3 scrolls of enchant weapon for 630 gold pieces
 57574 | Orc:1    | Bought a scroll of enchant armour for 210 gold pieces
 58151 | Snake:3  | Reached skill level 15 in Air Magic
 58341 | Snake:3  | Noticed Aizul
 58352 | Snake:3  | Killed Aizul
 58480 | Snake:3  | Reached skill level 5 in Earth Magic
 58480 | Snake:3  | Received a gift from Okawaru
 59073 | Snake:4  | Entered Level 4 of the Snake Pit
 59154 | Snake:4  | Received a gift from Okawaru
 60005 | Snake:4  | Received a gift from Okawaru
 60308 | Snake:4  | Received a gift from Okawaru
 60853 | Snake:4  | Got a serpentine rune of Zot
 61644 | Slime:1  | Entered Level 1 of the Pits of Slime
 62255 | Slime:3  | Received a gift from Okawaru
 62284 | Slime:3  | Identified the +2 helmet "Xodovof" {Dex+3} (Okawaru gifted it to you on level 3 of the Pits of Slime)
 62416 | Slime:5  | Entered Level 5 of the Pits of Slime
 62620 | Slime:5  | Reached XP level 21. HP: 109/132 MP: 28/44
 62912 | Slime:5  | Found a viscous altar of Jiyva.
 62914 | Slime:5  | Noticed the Royal Jelly
 62917 | Slime:5  | Found the +2 shield of Resistance {rF+ rC+ MR+}
 62928 | Slime:5  | Reached skill level 10 in Earth Magic
 62937 | Slime:5  | Killed the Royal Jelly
 63438 | Slime:4  | Reached skill level 15 in Conjurations
 64131 | Slime:4  | Received a gift from Okawaru
 64356 | Slime:3  | Received a gift from Okawaru
 64366 | Slime:3  | Identified the +0 ring mail of Dawn {rC+ Str+2 Int+2 SInv} (Okawaru gifted it to you on level 3 of the Pits of Slime)
 64809 | Slime:5  | Got a slimy rune of Zot
 65024 | Slime:5  | Identified the ring of the Voivode {+Blink rN+ MR+ AC+3} (You found it on level 5 of the Pits of Slime)
 65034 | Slime:5  | Identified the cursed +3 long sword of Obsession {freeze, +Blink rF+ Str-2 Dex+4} (You found it on level 5 of the Pits of Slime)
 65103 | Slime:5  | Identified the +0 large shield "Bavyxer" {*Slow rF+++ SInv} (You found it on level 5 of the Pits of Slime)
 65489 | Elf:1    | Bought a scroll of immolation for 66 gold pieces
 65489 | Elf:1    | Bought a scroll of enchant armour for 142 gold pieces
 65489 | Elf:1    | Bought a scroll of identify for 38 gold pieces
 65740 | Depths:1 | Entered Level 1 of the Depths
 65977 | Depths:1 | Reached skill level 5 in Shields
 67373 | Depths:1 | Received a gift from Okawaru
 67376 | Depths:1 | Identified the +9 rapier of Gallantry {venom, Int+4 Dex-2} (Okawaru gifted it to you on level 1 of the Depths)
 67754 | Depths:1 | Got a transparent wooden ring
 67755 | Depths:1 | Identified the ring "Hucko" {rElec rN+} (You found it on level 1 of the Depths)
 67881 | Depths:1 | Reached XP level 22. HP: 136/136 MP: 45/45
 67918 | Depths:1 | Found a gateway to Hell.
 69445 | Depths:2 | Reached skill level 1 in Armour
 69666 | Depths:2 | Received a gift from Okawaru
 69669 | Depths:2 | Identified the +5 dagger "Hellblazer" {antimagic, +Inv} (Okawaru gifted it to you on level 2 of the Depths)
 70661 | Depths:2 | Reached skill level 5 in Armour
 70792 | Depths:2 | Noticed a juggernaut
 70798 | Depths:2 | Killed a juggernaut
 70798 | Depths:2 | Received a gift from Okawaru
 71221 | Depths:3 | Found a corrupted altar of Lugonu.
 71222 | Depths:3 | Found a one-way gate leading to the halls of Pandemonium.
 71372 | Depths:3 | Found a one-way gate to the infinite horrors of the Abyss.
 72174 | Depths:4 | Found a corrupted altar of Lugonu.
 72218 | Depths:4 | Noticed Frederick
 72219 | Depths:4 | Found a flickering gateway to a bazaar.
 72236 | Bazaar   | Entered a bazaar
 72236 | Bazaar   | Found Atiyfocy's General Store.
 72243 | Bazaar   | Found Nokamun's Gadget Emporium.
 72262 | Bazaar   | Found Koinn's Magic Scroll Boutique.
 72270 | Bazaar   | Bought a scroll of enchant armour for 112 gold pieces
 72270 | Bazaar   | Bought a scroll of blinking for 112 gold pieces
 72270 | Bazaar   | Bought a scroll of magic mapping for 52 gold pieces
 72273 | Bazaar   | Found Dyiplihi's Antique Weapon Shoppe.
 72276 | Bazaar   | Found Apsucick's Antique Armour Shoppe.
 72301 | Bazaar   | Bought a potion of brilliance for 72 gold pieces
 72301 | Bazaar   | Bought a scroll of enchant weapon for 135 gold pieces
 72301 | Bazaar   | Bought a scroll of identify for 36 gold pieces
 72316 | Bazaar   | Bought a box of beasts for 300 gold pieces
 72316 | Bazaar   | Bought a phantom mirror for 450 gold pieces
 72316 | Bazaar   | Bought a phantom mirror for 450 gold pieces
 72378 | Depths:4 | Killed Frederick
 72402 | Depths:4 | Received a gift from Okawaru
 73224 | Depths:4 | Found a gateway to a ziggurat.
 73362 | Depths:5 | Entered Level 5 of the Depths
 73364 | Depths:5 | Reached XP level 23. HP: 141/141 MP: 46/46
 73853 | Depths:5 | Learned a level 3 spell: Spectral Weapon
 73950 | Depths:5 | Found a gate to the Realm of Zot.
 74191 | Depths:5 | Received a gift from Okawaru
 74292 | Depths:5 | Identified the amulet "Codacs" {Gourm *Corrode rPois rN+ SInv} (You took it off a purple draconian on level 5 of the Depths)
 76284 | Vaults:5 | Entered Level 5 of the Vaults
 76317 | Vaults:5 | Received a gift from Okawaru
 76439 | Vaults:5 | Noticed an ancient lich
 76445 | Vaults:5 | Killed an ancient lich
 76445 | Vaults:5 | Received a gift from Okawaru
 76659 | Vaults:5 | Noticed an ancient lich
 76687 | Vaults:5 | Killed an ancient lich
 77153 | Vaults:5 | Received a gift from Okawaru
 77156 | Vaults:5 | Identified the +1 ring mail of Okawaru's Esteem {Int-4 Dex+6} (Okawaru gifted it to you on level 5 of the Vaults)
 77308 | Vaults:5 | Got a silver rune of Zot
 77354 | Vaults:5 | Reached skill level 18 in Spellcasting
 77641 | Vaults:5 | Reached XP level 24. HP: 129/146 MP: 24/47
 78331 | Vaults:5 | Reached skill level 10 in Evocations
 78645 | Vaults:5 | Received a gift from Okawaru
 79034 | Vaults:5 | Reached skill level 19 in Spellcasting
 79695 | Vaults:5 | Received a gift from Okawaru
 79698 | Vaults:5 | Identified the +0 animal skin of Byssilan {*Contam Str+3 Int+7 SInv} (Okawaru gifted it to you on level 5 of the Vaults)
 80107 | Vaults:5 | Identified the +2 robe of Giecyo {MP+9 Int+5} (You took it off a deep elf sorcerer on level 5 of the Vaults)
 80632 | Vaults:3 | Learned a level 6 spell: Statue Form
 80935 | D:4      | Fell from the grace of Okawaru
 80935 | D:4      | Became a worshipper of Uskayaw the Reveler
 81251 | Vaults:2 | Reached * piety under Uskayaw
 81265 | Vaults:2 | Reached ** piety under Uskayaw
 81292 | Vaults:2 | Reached *** piety under Uskayaw
 81296 | Vaults:2 | Reached **** piety under Uskayaw
 81297 | Vaults:2 | Reached ***** piety under Uskayaw
 81526 | Vaults:2 | Got a steaming granite ring
 81527 | Vaults:2 | Identified the ring "Fonesm" {*Drain rPois MP+9 Str+4 Dex+4} (You found it on level 2 of the Vaults)
 81669 | Vaults:2 | Noticed Donald
 81672 | Vaults:2 | Killed Donald
 82629 | Vaults:2 | Bought a scroll of immolation for 105 gold pieces
 82629 | Vaults:2 | Bought a potion of flight for 90 gold pieces
 82629 | Vaults:2 | Bought a potion of heal wounds for 150 gold pieces
 82629 | Vaults:2 | Bought a scroll of identify for 60 gold pieces
 82629 | Vaults:2 | Bought a scroll of identify for 60 gold pieces
 82629 | Vaults:2 | Bought a distressingly furry helmet for 285 gold pieces
 82629 | Vaults:2 | Bought a potion of flight for 90 gold pieces
 82630 | Vaults:2 | Identified the +0 helmet "Lounaohe" {-Cast rElec Regen+ rCorr} (You bought it in a shop on level 2 of the Vaults)
 82842 | Crypt:1  | Entered Level 1 of the Crypt
 84174 | Crypt:1  | Identified the +0 ring mail "Doirph" {MP+9 Slay+2} (You found it on level 1 of the Crypt)
 84307 | Crypt:2  | Reached skill level 10 in Invocations
 84663 | Crypt:2  | Reached skill level 1 in Transmutations
 84690 | Crypt:2  | Reached XP level 25. HP: 125/150 MP: 5/48
 85340 | Crypt:3  | Entered Level 3 of the Crypt
 86697 | Crypt:3  | Noticed Xtahua
 86717 | Crypt:3  | Killed Xtahua
 86931 | Crypt:3  | Found the +7 mace of Variability {chain chaos}
 87016 | Crypt:3  | Found a deep blue altar of Sif Muna.
 87031 | Crypt:3  | Noticed Bai Suzhen
 87218 | Crypt:2  | Killed Bai Suzhen
 87218 | Crypt:2  | Reached skill level 5 in Transmutations
 88633 | Crypt:3  | Identified the ring "Zetokh" {rC- rN+ Dex+5} (You took it off an ancient champion on level 3 of the Crypt)
 88944 | Crypt:2  | Got a slimy copper ring
 88947 | Crypt:2  | Identified the ring of Ephemeral Luck {+Blink rElec rF+ rN+ Str+3} (You took it off a skeletal warrior on level 2 of the Crypt)
 89867 | Crypt:3  | Noticed an ancient lich
 89867 | Crypt:3  | Noticed an ancient lich
 89877 | Crypt:3  | Killed an ancient lich
 89917 | Crypt:3  | Killed an ancient lich
 89933 | Crypt:3  | Identified Sif Muna's Compendium of Protection and Execration
 90149 | Crypt:3  | Identified the amulet "Marimuj" {RegenMP rF- rN+ MR+ Str+5} (You took it off a mummy priest on level 3 of the Crypt)
 90168 | Crypt:3  | Identified Sif Muna's Grimoire of Companions
 90349 | Crypt:3  | Found a staircase to the Tomb.
 91033 | Lair:4   | Killed Xunt's ghost
 91826 | D:11     | Bought a scroll of enchant weapon for 120 gold pieces
 92077 | Hell     | Entered the Vestibule of Hell
 92077 | Hell     | Noticed Geryon
 92285 | Zot:1    | Entered Level 1 of the Realm of Zot
 92317 | Depths:5 | Reached skill level 1 in Long Blades
 94665 | Zot:1    | Gained mutation: Your spells are a little easier to cast, but a little less powerful. [mutagenic glow]
 94711 | Zot:1    | Gained mutation: You are frail. (-10% HP) [mutagenic glow]
 94842 | Zot:1    | Reached skill level 5 in Long Blades
 95071 | Depths:4 | Lost mutation: You are frail. (-10% HP) [potion of mutation]
 95071 | Depths:4 | Gained mutation: You are resistant to hostile enchantments. (MR+) [potion of mutation]
 95071 | Depths:4 | Gained mutation: You are agile. (Dex +2) [potion of mutation]
 95184 | D:15     | Lost mutation: You are resistant to hostile enchantments. (MR+) [potion of mutation]
 95184 | D:15     | Lost mutation: You are agile. (Dex +2) [potion of mutation]
 95184 | D:15     | Gained mutation: You are resistant to hostile enchantments. (MR+) [potion of mutation]
 95184 | D:15     | Gained mutation: You are somewhat resistant to further mutation. [potion of mutation]
 95185 | D:15     | Lost mutation: Your spells are a little easier to cast, but a little less powerful. [potion of mutation]
 95185 | D:15     | Lost mutation: You are resistant to hostile enchantments. (MR+) [potion of mutation]
 95185 | D:15     | Gained mutation: You have a pair of small horns on your head. [potion of mutation]
 95186 | D:15     | Lost mutation: You are somewhat resistant to further mutation. [potion of mutation]
 95186 | D:15     | Lost mutation: You have a pair of small horns on your head. [potion of mutation]
 95186 | D:15     | Gained mutation: You have a pair of small horns on your head. [potion of mutation]
 95186 | D:15     | Gained mutation: Your spells are a little harder to cast, but a little more powerful. [potion of mutation]
 95419 | Vaults:1 | Bought a glowing hat for 700 gold pieces
 96444 | Zot:1    | Was forgiven by Okawaru
 96705 | Zot:1    | Reached XP level 26. HP: 156/156 MP: 46/48
 96773 | Zot:1    | Identified the Grimoire of the Ashen Escort
 97036 | Zot:2    | Reached ****** piety under Uskayaw
 98154 | Zot:2    | Found a large runed door.
 98154 | Zot:2    | Found a large runed door.
 98155 | Zot:2    | Noticed Adonum's ghost (legendary NaFi)
 98661 | Zot:3    | Noticed an orb of fire
 98757 | Zot:3    | Reached skill level 15 in Invocations
 99037 | Zot:3    | Killed an orb of fire
 99037 | Zot:3    | Reached skill level 15 in Fighting
 99045 | Zot:3    | Found a transporter.
 99257 | Zot:3    | Found the +0 Maxwell's etheric cage {RegenMP+ *Contam rElec MP+4}
 99257 | Zot:3    | Found a transporter.
 99412 | Zot:3    | Found the +10 Black Knight's horse barding {ponderous, rPois rN+}
 99634 | Zot:4    | Reached skill level 10 in Long Blades
 99731 | Zot:4    | Reached XP level 27. HP: 145/166 MP: 38/48
100660 | Elf:3    | Bought a scroll of immolation for 56 gold pieces
100660 | Elf:3    | Bought a ration for 80 gold pieces
100660 | Elf:3    | Bought a potion of cancellation for 128 gold pieces
100660 | Elf:3    | Bought a scroll of enchant armour for 120 gold pieces
100810 | D:11     | You paid a toll of +2 gold dragon scales to enter a treasure trove
100811 | Trove    | Entered a treasure trove
100825 | Trove    | Identified Ekhesif's Papyrus of Earth and Combat Magic
100831 | Trove    | Identified Xemarux's Papyrus of Bewitchment
100851 | Trove    | Identified Sif Muna's Almanac of Hurtful Transmigration
100866 | Trove    | Identified the Volume of Noxious Ignition
100875 | Trove    | Identified the Handbook of Cold
100899 | Trove    | Learned a level 8 spell: Chain Lightning
100937 | D:12     | Upgraded the game from 0.22-a0-596-gfbd32a6 to 0.22-a0-601-gb0ed703
102275 | Zot:4    | Paralysed by you for 6 turns
102334 | Zot:4    | Identified the +2 mace of Untruth {drain, +Rage} (You found it on level 4 of the Realm of Zot)
102605 | Zot:5    | Entered Level 5 of the Realm of Zot
102622 | Zot:5    | Reached skill level 20 in Spellcasting
103280 | Depths:4 | Learned a level 9 spell: Tornado
103282 | Zig:1    | Entered Level 1 of a ziggurat
103341 | Zig:2    | Entered Level 2 of a ziggurat
103384 | Zig:3    | Entered Level 3 of a ziggurat
103414 | Zig:4    | Entered Level 4 of a ziggurat
103474 | Zig:5    | Entered Level 5 of a ziggurat
103533 | Zig:6    | Entered Level 6 of a ziggurat
103540 | Zig:6    | Found the +2 Maxwell's thermic engine {flame, freeze, rF- rC-}
103618 | Zig:7    | Entered Level 7 of a ziggurat
103624 | Zig:7    | Found the +0 pair of fencer's gloves {+Riposte Dex+3}
103644 | Zig:7    | Identified the ring of the Spinneret {rC- Str+2 Int+4 SInv} (You found it on level 7 of a ziggurat)
103779 | Zig:8    | Entered Level 8 of a ziggurat
103788 | Zig:8    | Noticed Pusal the pandemonium lord
103789 | Zig:8    | Noticed Meciozom the pandemonium lord
103793 | Zig:8    | Found the macabre finger necklace {rN+}
103794 | Zig:8    | Killed Meciozom the pandemonium lord
103796 | Zig:8    | Killed Pusal the pandemonium lord
103873 | Zig:9    | Entered Level 9 of a ziggurat
104026 | Zig:10   | Entered Level 10 of a ziggurat
104044 | Zig:10   | Reached skill level 10 in Necromancy
104073 | Zig:10   | Identified the ring "Hatebem" {-Tele rPois rN+ Str+5 SInv} (You found it on level 10 of a ziggurat)
104232 | Zig:11   | Entered Level 11 of a ziggurat
104265 | Zig:11   | Identified Qabruph's Guide on Confrontation
104325 | Zig:12   | Entered Level 12 of a ziggurat
104338 | Zig:12   | Found the +4 skin of Zhor {rC+++}
104365 | Zig:12   | Identified the ring of Sloth {rElec rPois rN+ Int+3 Stlth+} (You found it on level 12 of a ziggurat)
104370 | Zig:12   | Identified the +1 leather armour "Ocoluet" {Regen+ Stlth+} (You found it on level 12 of a ziggurat)
104377 | Zig:12   | Identified the Almanac of Excruciating Flames
104382 | Zig:12   | Identified the Collected Works on Venomous Boosts
104431 | Zig:13   | Entered Level 13 of a ziggurat
104448 | Zig:13   | Found the +8 whip "Snakebite" {curare, rPois}
104449 | Zig:13   | Noticed Cumynudghi the pandemonium lord
104788 | Hell     | Killed Geryon
105633 | Hell     | Found a gateway to the Iron City of Dis.
105717 | Hell     | Found a gateway to the freezing wastes of Cocytus.
105862 | Pan      | Entered Pandemonium
105868 | Pan      | Found a transporter.
105939 | Pan      | Found a transporter.
106482 | Pan      | Gained mutation: Your magical capacity is low. (-10% MP) [a cacodemon]
106575 | Pan      | Got a scintillating emerald amulet
106583 | Pan      | Identified the amulet of Midnight {Harm *Drain Slay+5} (You found it in Pandemonium)
106586 | Pan      | Got a heavily runed golden ring
106587 | Pan      | Identified the ring "Bamet" {MR+ Dex+4 Slay+3 Stlth+} (You found it in Pandemonium)
106618 | Pan      | Lost mutation: Your spells are a little harder to cast, but a little more powerful. [potion of mutation]
106618 | Pan      | Lost mutation: Your magical capacity is low. (-10% MP) [potion of mutation]
106618 | Pan      | Lost mutation: You have a pair of small horns on your head. [potion of mutation]
106618 | Pan      | Gained mutation: You are robust. (+10% HP) [potion of mutation]
106618 | Pan      | Gained mutation: Your magical capacity is low. (-10% MP) [potion of mutation]
106618 | Pan      | Gained mutation: You are covered in fur. (AC +1) [potion of mutation]
106662 | Pan      | Gained mutation: Your body sometimes deteriorates upon taking damage. [a neqoxec]
108091 | Pan      | Noticed Erouzuoh the pandemonium lord
108100 | Pan      | Killed Erouzuoh the pandemonium lord
108651 | Pan      | Learned a level 3 spell: Lesser Beckoning
108679 | Pan      | Gained mutation: You are clumsy. (Dex -2) [a cacodemon]
108794 | Pan      | Lost mutation: Your magical capacity is low. (-10% MP) [potion of mutation]
108794 | Pan      | Lost mutation: Your body sometimes deteriorates upon taking damage. [potion of mutation]
108794 | Pan      | Gained mutation: You have an increased reservoir of magic. (+10% MP) [potion of mutation]
108794 | Pan      | Gained mutation: You tend to lose your temper in combat. [potion of mutation]
108794 | Pan      | Gained mutation: Your flesh is cold resistant. (rC+) [potion of mutation]
108795 | Pan      | Lost mutation: You tend to lose your temper in combat. [potion of mutation]
108795 | Pan      | Lost mutation: You are robust. (+10% HP) [potion of mutation]
108795 | Pan      | Gained mutation: You are partially covered in yellow scales. (AC +2) [potion of mutation]
108795 | Pan      | Gained mutation: You are frail. (-10% HP) [potion of mutation]
108795 | Pan      | Gained mutation: You have large cloven feet. [potion of mutation]
108834 | Pan      | Noticed Foq Jajo the pandemonium lord
108858 | Pan      | Reached skill level 21 in Spellcasting
109142 | Pan      | Gained mutation: Armour fits poorly on your strangely shaped body. [a neqoxec]
109992 | Pan      | Got a demonic rune of Zot
110310 | Pan      | Entered the realm of Lom Lobon.
110600 | Pan      | Noticed Lom Lobon
110863 | Pan      | Got a magical rune of Zot
110982 | Pan      | Noticed Lom Lobon
111006 | Pan      | Found an exit through the horrors of the Abyss.
111031 | Pan      | Took an exit into the Abyss.
111031 | Abyss:1  | Escaped into the Abyss
111206 | Abyss:2  | Found a corrupted altar of Lugonu.
111347 | Abyss:4  | Got an abyssal rune of Zot
111456 | Abyss:4  | Found a corrupted altar of Lugonu.
111483 | Depths:3 | Escaped the Abyss
111935 | Tomb:1   | Entered Level 1 of the Tomb of the Ancients
112284 | Tomb:1   | Got a twisted helmet
112285 | Tomb:1   | Identified the +1 helmet of Gawk {Str+6} (You acquired it on level 1 of the Tomb of the Ancients)
112430 | Tomb:1   | Noticed a greater mummy
112438 | Tomb:1   | Killed a greater mummy
112438 | Tomb:1   | Reached skill level 22 in Spellcasting
112486 | Tomb:1   | Noticed a greater mummy
112492 | Tomb:1   | Killed a greater mummy
112763 | Tomb:2   | Noticed a greater mummy
112763 | Tomb:2   | Noticed a greater mummy
112764 | Tomb:2   | Noticed a greater mummy
112766 | Tomb:2   | Noticed a greater mummy
112767 | Tomb:2   | Noticed a greater mummy
112778 | Tomb:1   | Killed a greater mummy
112932 | Tomb:2   | Killed a greater mummy
112932 | Tomb:2   | Killed a greater mummy
112932 | Tomb:2   | Killed a greater mummy
112939 | Tomb:2   | Killed a greater mummy
113454 | Tomb:1   | Noticed a greater mummy
113454 | Tomb:1   | Noticed a greater mummy
113455 | Tomb:1   | Noticed a greater mummy
113455 | Tomb:1   | Noticed a greater mummy
113455 | Tomb:1   | Noticed a greater mummy
113455 | Tomb:1   | Noticed Sojobo
113457 | Tomb:1   | Noticed a greater mummy
113457 | Tomb:1   | Noticed a greater mummy
113462 | Tomb:1   | Killed a greater mummy
113462 | Tomb:1   | Reached skill level 15 in Earth Magic
113462 | Tomb:1   | Killed a greater mummy
113463 | Tomb:1   | Killed Sojobo
113464 | Tomb:1   | Killed a greater mummy
113465 | Tomb:1   | Killed a greater mummy
113467 | Tomb:1   | Killed a greater mummy
113469 | Tomb:1   | Killed a greater mummy
113473 | Tomb:1   | Killed a greater mummy
114168 | Vaults:1 | Killed Mennas
114300 | D:12     | Learned a level 9 spell: Shatter
114748 | Tomb:1   | Noticed a greater mummy
114757 | Tomb:1   | Killed a greater mummy
114821 | Tomb:1   | Noticed a greater mummy
114834 | Tomb:1   | Killed a greater mummy
115033 | Tomb:1   | Noticed a greater mummy
115035 | Tomb:1   | Noticed a greater mummy
115041 | Tomb:1   | Killed a greater mummy
115050 | Tomb:1   | Killed a greater mummy
115110 | Tomb:1   | Noticed a greater mummy
115112 | Tomb:1   | Noticed a greater mummy
115122 | Tomb:1   | Killed a greater mummy
115122 | Tomb:1   | Noticed a greater mummy
115123 | Tomb:1   | Killed a greater mummy
115125 | Tomb:1   | Noticed a greater mummy
115127 | Tomb:1   | Noticed a greater mummy
115127 | Tomb:1   | Killed a greater mummy
115514 | Tomb:1   | Killed a greater mummy
115546 | Tomb:1   | Killed a greater mummy
115575 | Tomb:2   | Reached skill level 23 in Spellcasting
115660 | Tomb:2   | Identified the +8 scimitar of Disorder {freeze, Str+4} (You took it off a mummy priest on level 2 of the Tomb of the Ancients)
115700 | Tomb:3   | Entered Level 3 of the Tomb of the Ancients
115713 | Tomb:3   | Noticed a greater mummy
115717 | Tomb:3   | Noticed a greater mummy
115724 | Tomb:2   | Killed a greater mummy
115962 | Tomb:3   | Noticed an ancient lich
115965 | Tomb:3   | Killed an ancient lich
115980 | Tomb:3   | Killed a greater mummy
115981 | Tomb:3   | Noticed a greater mummy
115988 | Tomb:3   | Cast into level 5 of the Abyss (the power of Zot)
115988 | Abyss:5  | Entered Level 5 of the Abyss
116122 | Abyss:5  | Found a corrupted altar of Lugonu.
116134 | Tomb:3   | Escaped the Abyss
116139 | Tomb:3   | Killed a greater mummy
116146 | Tomb:3   | Noticed a greater mummy
116162 | Tomb:3   | Killed a greater mummy
116288 | Tomb:3   | Identified the Handbook of Cold
116345 | Tomb:3   | Identified the Papyrus of Poison and Shape Shifting
116349 | Tomb:3   | Identified the ring "Cevvud" {Int+4 SInv} (You found it on level 3 of the Tomb of the Ancients)
116364 | Tomb:3   | Identified the +3 rapier of Truth {pierce, rF+ Str+6} (You found it on level 3 of the Tomb of the Ancients)
116366 | Tomb:3   | Identified the Incunabulum of the Rocks
116372 | Tomb:3   | Identified the ring "Nud Jul" {rPois rC- MR+ EV+1 Dex+6} (You found it on level 3 of the Tomb of the Ancients)
116376 | Tomb:3   | Identified the ring "Himawapn" {+Fly rF- Str+6 Int+5 Dex-3} (You found it on level 3 of the Tomb of the Ancients)
116390 | Tomb:3   | Identified the ring "Puephonn" {rN++ MR+ AC+5} (You found it on level 3 of the Tomb of the Ancients)
116413 | Tomb:3   | Noticed a greater mummy
116422 | Tomb:3   | Killed a greater mummy
116463 | Tomb:3   | Noticed a greater mummy
116472 | Tomb:3   | Killed a greater mummy
116610 | Tomb:3   | Noticed an ancient lich
116823 | Tomb:3   | Noticed a greater mummy
116830 | Tomb:3   | Killed a greater mummy
116843 | Tomb:3   | Got a golden rune of Zot
116867 | Tomb:3   | Killed an ancient lich
116940 | Tomb:3   | Identified the cursed +1 falchion "Qiepnuso" {slice, rF+ rN+ Int+3 Dex+4} (You found it on level 3 of the Tomb of the Ancients)
117608 | Pan      | Entered Pandemonium
117616 | Pan      | Lost mutation: You are frail. (-10% HP) [a cacodemon]
117619 | Pan      | Gained mutation: You do not regenerate when monsters are visible. [a cacodemon]
117710 | Pan      | Lost mutation: You have an increased reservoir of magic. (+10% MP) [potion of mutation]
117710 | Pan      | Lost mutation: Armour fits poorly on your strangely shaped body. [potion of mutation]
117710 | Pan      | Lost mutation: You are clumsy. (Dex -2) [potion of mutation]
117710 | Pan      | Gained mutation: You have an increased reservoir of magic. (+10% MP) [potion of mutation]
117711 | Pan      | Lost mutation: Your flesh is cold resistant. (rC+) [potion of mutation]
117711 | Pan      | Lost mutation: You are partially covered in yellow scales. (AC +2) [potion of mutation]
117711 | Pan      | Lost mutation: You do not regenerate when monsters are visible. [potion of mutation]
117711 | Pan      | Lost mutation: You are covered in fur. (AC +1) [potion of mutation]
117711 | Pan      | Gained mutation: You occasionally shout uncontrollably at your foes. [potion of mutation]
117711 | Pan      | Gained mutation: Your flesh is heat resistant. (rF+) [potion of mutation]
117711 | Pan      | Gained mutation: You are frail. (-10% HP) [potion of mutation]
117711 | Pan      | Gained mutation: You are partially covered in rugged brown scales. (AC +1, +3% HP) [potion of mutation]
117727 | Pan      | Entered the realm of Mnoleg.
117727 | Pan      | Noticed Mnoleg
117729 | Pan      | Gained mutation: You are very frail. (-20% HP) [a cacodemon]
117733 | Pan      | Killed Mnoleg
117836 | Pan      | Got a glowing rune of Zot
117931 | Pan      | Gained mutation: Armour fits poorly on your strangely shaped body. [a shining eye]
117939 | Pan      | Gained mutation: Your mind is acute. (Int +2) [a cacodemon]
117954 | Pan      | Lost mutation: Your mind is acute. (Int +2) [a cacodemon]
117957 | Pan      | Gained mutation: You are clumsy. (Dex -2) [a cacodemon]
117989 | Pan      | Entered the realm of Cerebov.
118121 | Pan      | Lost mutation: Armour fits poorly on your strangely shaped body. [potion of mutation]
118121 | Pan      | Lost mutation: You occasionally shout uncontrollably at your foes. [potion of mutation]
118121 | Pan      | Gained mutation: You are resistant to electric shocks. (rElec) [potion of mutation]
118522 | Pan      | Noticed Cerebov
118562 | Pan      | Identified the Volume of Entrancing Earth
118604 | Pan      | Identified the +8 rapier of Kysarch {pain, rPois rC+ MR- Int+3} (You found it in Pandemonium)
118608 | Pan      | Identified the ring "Tipt" {rN++ Int+4 Stlth+} (You found it in Pandemonium)
118652 | Pan      | Got a brightly glowing turquoise ring
118658 | Pan      | Identified the ring "Bounatt" {Fire rElec rPois MR- Str-2 Dex+3} (You took it off a warmonger in Pandemonium)
118810 | Pan      | Identified the +0 pair of boots of the End {Int+5 SInv} (You found it in Pandemonium)
118837 | Pan      | Killed Cerebov
118848 | Pan      | Got a fiery rune of Zot
119174 | Pan      | Found an exit through the horrors of the Abyss.
119260 | Pan      | Noticed Naomaitu the pandemonium lord
119271 | Pan      | Killed Naomaitu the pandemonium lord
119379 | Depths:3 | Escaped Pandemonium
119410 | Depths:3 | Upgraded the game from 0.22-a0-601-gb0ed703 to 0.22-a0-603-gfc1114d
119485 | D:15     | Lost mutation: Your flesh is heat resistant. (rF+) [potion of mutation]
119485 | D:15     | Lost mutation: You have an increased reservoir of magic. (+10% MP) [potion of mutation]
119485 | D:15     | Lost mutation: You are very frail. (-20% HP) [potion of mutation]
119485 | D:15     | Gained mutation: You occasionally shout uncontrollably at your foes. [potion of mutation]
119485 | D:15     | Gained mutation: You are partially covered in molten scales. (AC +2) [potion of mutation]
119622 | Pan      | Entered Pandemonium
119720 | Pan      | Entered the realm of Gloorx Vloq.
120056 | Pan      | Noticed Gloorx Vloq
120259 | Pan      | Killed Gloorx Vloq
120268 | Pan      | Got a dark rune of Zot
121053 | Pan      | Found an exit through the horrors of the Abyss.
121066 | Pan      | Took an exit into the Abyss.
121066 | Abyss:1  | Escaped into the Abyss
121142 | Abyss:1  | Reached skill level 10 in Shields
121157 | Depths:3 | Escaped the Abyss
121165 | Zig:1    | Entered Level 1 of a ziggurat
121288 | Zig:2    | Entered Level 2 of a ziggurat
121321 | Zig:3    | Entered Level 3 of a ziggurat
121368 | Zig:4    | Entered Level 4 of a ziggurat
121421 | Zig:5    | Entered Level 5 of a ziggurat
121464 | Zig:6    | Entered Level 6 of a ziggurat
121577 | Zig:7    | Entered Level 7 of a ziggurat
121806 | Zig:8    | Entered Level 8 of a ziggurat
121907 | Zig:9    | Entered Level 9 of a ziggurat
121942 | Zig:9    | Identified the Incunabulum of Damaging Cold
122006 | Zig:10   | Entered Level 10 of a ziggurat
122018 | Zig:10   | Noticed Zezorph the pandemonium lord
122023 | Zig:10   | Killed Zezorph the pandemonium lord
122064 | Zig:10   | Got an ancient silver amulet
122065 | Zig:10   | Identified the amulet "Omuthry" {Faith Fragile Str+4 Slay+3 SInv} (You found it on level 10 of a ziggurat)
122258 | Zig:11   | Entered Level 11 of a ziggurat
122293 | Zig:11   | Identified the Compendium of the Glacier and Air
122398 | Zig:12   | Entered Level 12 of a ziggurat
122409 | Zig:12   | Noticed Ozxucle the pandemonium lord
122417 | Zig:12   | Killed Ozxucle the pandemonium lord
122432 | Zig:12   | Found the +6 Majin-Bo {vamp, Archmagi MP+6 Int+6}
122439 | Zig:12   | Identified the +3 cloak "Waem" {*Corrode rF+ MR+++ Regen+} (You found it on level 12 of a ziggurat)
122459 | Zig:12   | Got an ancient steel ring
122460 | Zig:12   | Identified the ring "Dinuo" {rPois Str+10 Dex-4} (You found it on level 12 of a ziggurat)
122531 | Zig:13   | Entered Level 13 of a ziggurat
122554 | Zig:13   | Found the amulet of Vitality {Regen+ HP+15}
122575 | Zig:13   | Got a scintillating bronze ring
122576 | Zig:13   | Identified the ring "Zabb" {*Tele +Fly Dex+5} (You found it on level 13 of a ziggurat)
122597 | Zig:13   | Learned a level 2 spell: Sublimation of Blood
122599 | Zig:13   | Got a steaming lead amulet
122600 | Zig:13   | Identified the amulet of Virtue {+Rage rF+ rN+} (You found it on level 13 of a ziggurat)
122674 | Zig:14   | Entered Level 14 of a ziggurat
122687 | Zig:14   | Paralysed by accursed screaming for 2 turns
122696 | Zig:14   | Reached skill level 15 in Shields
122709 | Zig:14   | Reached skill level 15 in Dodging
122731 | Zig:14   | Got a steaming granite ring
122732 | Zig:14   | Identified the ring "Rugaugg" {MR+ Dex+3 SInv} (You found it on level 14 of a ziggurat)
122734 | Zig:14   | Identified Kikubaaqudgha's Compendium of Evil Rituals
122757 | Zig:14   | Identified Komid's Reference Book on Transmutation
122859 | Zig:15   | Entered Level 15 of a ziggurat
122875 | Zig:15   | Noticed a juggernaut
122875 | Zig:15   | Noticed a juggernaut
122876 | Zig:15   | Found the +9 sword of Zonguldrok {reap}
122879 | Zig:15   | Killed a juggernaut
122879 | Zig:15   | Killed a juggernaut
122902 | Zig:15   | Identified the Incunabulum of Bewitching Protection
123049 | Hell     | Found a gateway to the ashen valley of Gehenna.
123083 | Geh:1    | Entered Level 1 of Gehenna
123636 | Geh:2    | You fall through a shaft for 2 floors!
123870 | Geh:7    | Entered Level 7 of Gehenna
124339 | Geh:7    | Reached skill level 15 in Long Blades
124343 | Geh:7    | Gained mutation: Armour fits poorly on your strangely shaped body. [mutagenic glow]
124365 | Geh:7    | Gained mutation: Your body sometimes deteriorates upon taking damage. [mutagenic glow]
124436 | Geh:7    | Lost mutation: Armour fits poorly on your strangely shaped body. [potion of mutation]
124436 | Geh:7    | Lost mutation: You are frail. (-10% HP) [potion of mutation]
124436 | Geh:7    | Lost mutation: Your body sometimes deteriorates upon taking damage. [potion of mutation]
124436 | Geh:7    | Gained mutation: You are dopey. (Int -2) [potion of mutation]
124436 | Geh:7    | Gained mutation: Your flesh is cold resistant. (rC+) [potion of mutation]
124527 | Geh:7    | Noticed Asmodeus
124555 | Geh:7    | Killed Asmodeus
124570 | Geh:7    | Got an obsidian rune of Zot
124839 | Coc:1    | Entered Level 1 of Cocytus
125372 | Coc:7    | Entered Level 7 of Cocytus
125417 | Coc:7    | Noticed the Serpent of Hell
125421 | Coc:7    | Killed the Serpent of Hell
125570 | Coc:7    | Gained mutation: Scrolls take you a little longer to read. [mutagenic glow]
125615 | Coc:7    | Reached skill level 24 in Spellcasting
125730 | Coc:7    | Noticed Antaeus
125755 | Coc:7    | Killed Antaeus
125781 | Coc:7    | Identified the Papyrus of Clay
125789 | Coc:7    | Got an icy rune of Zot
125792 | Coc:7    | Identified Apocoss's Almanac of Lucky Battle Magic
125916 | Hell     | Lost mutation: You are clumsy. (Dex -2) [potion of mutation]
125916 | Hell     | Lost mutation: Scrolls take you a little longer to read. [potion of mutation]
125916 | Hell     | Lost mutation: You are dopey. (Int -2) [potion of mutation]
125916 | Hell     | Gained mutation: You tend to lose your temper in combat. [potion of mutation]
125916 | Hell     | Gained mutation: You have a pair of small antennae on your head. [potion of mutation]
125916 | Hell     | Gained mutation: You are partially covered in yellow scales. (AC +2) [potion of mutation]
125917 | Hell     | Lost mutation: You are partially covered in yellow scales. (AC +2) [potion of mutation]
125917 | Hell     | Lost mutation: You have a pair of small antennae on your head. [potion of mutation]
125917 | Hell     | Gained mutation: Scrolls take you a little longer to read. [potion of mutation]
125917 | Hell     | Gained mutation: Your mind is acute. (Int +2) [potion of mutation]
125917 | Hell     | Gained mutation: You expend magic power (3 MP) to strengthen your wands. [potion of mutation]
125918 | Hell     | Lost mutation: You are partially covered in molten scales. (AC +2) [potion of mutation]
125918 | Hell     | Lost mutation: Scrolls take you a little longer to read. [potion of mutation]
125918 | Hell     | Lost mutation: You occasionally shout uncontrollably at your foes. [potion of mutation]
125918 | Hell     | Lost mutation: You tend to lose your temper in combat. [potion of mutation]
125918 | Hell     | Gained mutation: Your magical capacity is low. (-10% MP) [potion of mutation]
125918 | Hell     | Gained mutation: Your movements are slightly less encumbered by armour. (ER -2) [potion of mutation]
125925 | Dis:1    | Entered Level 1 of the Iron City of Dis
125970 | Dis:1    | Reached skill level 25 in Spellcasting
126425 | Dis:7    | Entered Level 7 of the Iron City of Dis
126817 | Dis:7    | Noticed Dispater
126844 | Dis:7    | Killed Dispater
126917 | Dis:7    | Got an iron rune of Zot
126923 | Dis:7    | Identified the +1 leather armour of Waamik Qareu {rC+ MR- SInv} (You found it on level 7 of the Iron City of Dis)
127123 | Hell     | Found a gateway to the decaying netherworld of Tartarus.
127135 | Tar:1    | Entered Level 1 of Tartarus
127398 | Tar:7    | Entered Level 7 of Tartarus
127479 | Tar:7    | Noticed Ereshkigal
127482 | Tar:7    | Got a bone rune of Zot
128011 | Zot:5    | Noticed an orb of fire
128023 | Zot:5    | Killed an orb of fire
128029 | Zot:5    | Noticed an orb of fire
128031 | Zot:5    | Killed an orb of fire
128177 | Zot:5    | Noticed an orb of fire
128182 | Zot:5    | Gained mutation: Your spells are a little easier to cast, but a little less powerful. [an orb of fire]
128185 | Zot:5    | Gained mutation: You are frail. (-10% HP) [an orb of fire]
128186 | Zot:5    | Killed an orb of fire
128348 | Zot:5    | Noticed an orb of fire
128369 | Zot:5    | Killed an orb of fire
128533 | Zot:5    | Noticed an orb of fire
128548 | Zot:5    | Gained mutation: Your body sometimes deteriorates upon taking damage. [an orb of fire]
128549 | Zot:5    | Killed an orb of fire
129087 | Zot:5    | Got the Orb of Zot
129435 | Depths:1 | Noticed Soes the pandemonium lord
129856 | D:$      | Escaped with the Orb!

Vault maps used:
D:1:      onia_arrival_larder, serial_forest, infiniplex_forest_lined_2,
          infiniplex_forest_clump_medium, infiniplex_forest_clump_tiny,
          infiniplex_forest_clump_double, infiniplex_forest_split,
          infiniplex_forest_diagonal, infiniplex_forest_clump_small,
          infiniplex_forest_clump_tiny, infiniplex_forest_clump_double,
          infiniplex_forest_straight_4
D:2:      hangedman_decor_riveting, minmay_tetromino_o4
D:3:      uniq_sigmund
D:4:      minitemple, first_ration, serial_shops, kennysheep_mini_moat,
          uniq_menkaure
D:5:      lemuel_crystal_altar, minmay_temple_entry_junction_2,
          minmay_misc_feat_diagonals
D:6:      slow_altar_2, minmay_misc_feat_alley, minmay_misc_feat_nine_boxes
D:8:      grunt_gozag_breadcrumbs
D:9:      tgw_fedhas, grunt_pizzeria
D:10:     due_lair_maze_entry_diamond, basic_altar, elyvilon_altar_1,
          uniq_psyche
D:11:     serial_shops, shop, nicolae_shop_temple_entry_statues_fountains, shop,
          enter_trove_5, lightli_airlock, uniq_nergalle, uniq_harold
D:12:     orc_0_dummy, serial_undead, serial_undead_b, serial_undead_d,
          serial_undead_e, serial_undead_b
D:13:     david_vaults_4, serial_shops, shop_statue, uniq_erolcha, uniq_azrael
D:14:     kennysheep_nub, basic_altar, minmay_crystal_room, uniq_rupert,
          uniq_nessos
D:15:     grunt_enter_depths_magical_seal, serial_shops,
          nicolae_shop_statue_plus, shop, nicolae_shop_window_shopping, shop,
          shop_statue, grunt_decor_one_mirror, minivault_26, glass_columns_b
Lair:1:   portal_ice_cave_rime, basic_altar, lemuel_oklob_altar,
          grunt_megastairs_4
Lair:2:   minmay_lair_oklob_tunnel
Lair:3:   cheibrodos_magma_flow, serial_bayou_shore_b
Lair:4:   minmay_swamp_entry_worms, minmay_snake_entry_guardpost_small,
          maelrawn_ghost_labyrinth_escape, uniq_kirke
Lair:5:   nicolae_slime_entry_slimehenge, grunt_megastairs_1, lemuel_fruit_tree
Lair:6:   grunt_lair_end_beastmaster
Swamp:1:  evilmike_swamp_ruin_house_4
Swamp:2:  evilmike_swamp_ruin_house_1, swamp_pool3, uniq_louise
Swamp:3:  evilmike_swamp_ruin_house_6, swamp_pool1, cheibrodos_swamp_slimy
Swamp:4:  swamp_old_school
Snake:1:  st_stairs_1
Snake:2:  corexii_hall_statues_deadend, guppyfry_snake_island,
          serial_bayou_shore_b, grunt_megastairs_3, uniq_jorgrun, uniq_roxanne,
          uniq_vashnia, uniq_agnes
Snake:3:  uniq_aizul
Snake:4:  snake_pit, serial_bayou_shore_b
Orc:1:    serial_shops, nicolae_shop_temple_entry_statues_fountains
Orc:2:    st_orc_town, lab_entry_generic, nicolae_orc_lost_temple
Elf:1:    eino_elf_arrival_sip, serial_shops, shop, evilmike_minifort,
          minivault_4, hex_medium, st_stairs_14, fake_guardian_serpent_vault
Elf:2:    serial_shops, shop_statue, nicolae_elf_big_sculpture_2
Elf:3:    minmay_elf_hall_statues, serial_shops, nicolae_shop_statue_plus,
          nicolae_elf_big_sculpture_3
Vaults:1: vaults_room_door_hall, kennysheep_vaults_gozag_temple,
          grunt_vaults_hallway_short, ontoclasm_vaults_shuriken,
          hangedman_vaults_maws, v_misc_31, nicolae_vaults_little_squares_6,
          hangedman_vaults_river_flow, v_misc_25, grunt_vaults_twisty,
          nicolae_vaults_little_squares_2
Vaults:2: nicolae_vaults_back_hallway, nicolae_vaults_puzzle_piece,
          st_quartered_hall, hangedman_vaults_nails, hangedman_vaults_locks,
          nicolae_vaults_mini_display_case, vaults_room_semicircle, v_misc_27,
          nicolae_vaults_twisting_passages, nicolae_vaults_shelves_hall,
          v_misc_24, v_misc_25, ontoclasm_vaults_idyll, serial_shops, shop,
          uniq_donald, uniq_mennas
Vaults:3: hangedman_vaults_slice, nicolae_vaults_border_crossing,
          vaults_room_pools, v_pattern_3, v_alt_pattern_2,
          vaults_mumra_bighexcomb, vaults_room_semicircle,
          minmay_crypt_entry_simple_round, grunt_vaults_focal,
          nicolae_vaults_angled_halls, v_misc_24, v_misc_27
Vaults:4: vaults_room_hallway, nicolae_vaults_three_branches,
          nicolae_vaults_bisected_exclaves, v_rooms_1, nicolae_vaults_quadrants,
          vaults_room_pools, ontoclasm_vaults_decontamination,
          vaults_dpeg_encased_lava, ontoclasm_vaults_ring_large,
          vaults_room_stairs_pillars
Vaults:5: serial_shops
Crypt:1:  lemuel_nasty_fountain, grunt_crypt_arrival_split
Crypt:2:  roderic_lattice_octagonal_star
Crypt:3:  david_glass_crypt, tomb_entry_sphere_bobbens,
          hangedman_summoners_spam, uniq_bai_suzhen, uniq_xtahua
Tomb:1:   uniq_sojobo
Depths:1: pf_hell_entry_tar_spiral, corexii_leaking_fountain, nrook_uturn,
          spider_trap, interstate_on_off, kennysheep_generic_room_8
Depths:2: cheibrodos_hall_of_evolution, grunt_hell_horde,
          minmay_staircase_windowed_large, serial_bayou_shore_b
Depths:3: due_chaos_kobolds, pan_entry, hell_entry, kennysheep_generic_room_15
Depths:4: kennysheep_funnel, enter_ziggurat_d, pf_coc_iceberg, serial_shops,
          bzr_entry_gold, kennysheep_pointless_box, abyss_entry_flame_altar,
          dpeg_stationary_puzzle, uniq_frederick
Depths:5: lemuel_castle_with_subvaults, rand_demon_pan_entry_9, serial_bayou,
          serial_bayou_ford_a, serial_bayou_pond_b, serial_bayou_shore_b,
          serial_bayou_lake_a, hell_entry
Dis:1:    lemuel_mystery_crypt, hangedman_dis_chains
Dis:3:    nicolae_dis_iron_filings, hangedman_player_shredder
Dis:6:    hangedman_dis_decor_blocks_talon
Dis:7:    dis_hangedman
Geh:1:    hangedman_elemental_grid_stream
Geh:5:    hangedman_elemental_corridor
Geh:7:    geh_hangedman
Coc:7:    coc_hangedman
Tar:1:    nicolae_tar_cuneiform_bird
Tar:2:    nicolae_tar_cuneiform_three
Tar:4:    hangedman_damned_closets, nicolae_tar_cuneiform_to_be
Tar:7:    tar_minmay_river
Zot:1:    hangedman_snake_sidewinding
Zot:2:    ebering_ghost_disaster_area
Zot:3:    gammafunk_sealed_arena, lemuel_baited_zot_trap, zot_minivault_1
Zot:4:    gammafunk_mikee_crab_dinner
Abyss:1:  hangedman_abyss_theft
Abyss:2:  hangedman_cross_veins
Abyss:3:  evilmike_abyss_exit_7, due_evilmike_abyss_rune_seething_liches,
          evilmike_abyss_exit_12
Abyss:4:  grunt_abyss_rune_wretched_hive, minivault_23
Abyss:5:  guppyfry_abyss_exit_glass_guarded, hangedman_abyss_stitches_cave
Pan:      gammafunk_dig_for_victory, pan_blood_fountain_small, rand_demon_5,
          evilmike_mini_pan_possible_glass, grunt_pan_pentagram,
          pan_blood_fountain_small, lemuel_hellion_island, rand_demon_8,
          nicolae_pan_lom_lobonic_3, evilmike_mini_pan_other_thingy,
          pan_blood_fountain, lom_lobon_st, rand_demon_4, uniq_lom_lobon,
          nicolae_pan_gloorx_vloqian_3, rand_demon_2, pan_blood_fountain_2,
          evilmike_mnoleg_eyes, nicolae_pan_sick_transit,
          nicolae_pan_cerebovesque_1, cerebov, rand_demon_1,
          pan_blood_fountain_2, evilmike_mini_pan_corner,
          evilmike_mini_pan_other_thingy, rand_demon_7, special_room,
          nicolae_pan_mnolegish_1, gloorx_vloq_grunt_torture_chamber,
          grunt_pan_zigzag
Zig:1:    ziggurat_pillar_centre_c
Zig:9:    ziggurat_pillar_centre_dead_trees
Zig:10:   ziggurat_pillar_centre_oklobs
Zig:15:   ziggurat_pillar_centre_smoke
Lab:      labyrinth_watery, nicolae_lab_starburst, nicolae_lab_x,
          labyrinth_skeletal_remains
Bazaar:   bazaar_lake
Trove:    trove_library
IceCv:    ice_cave_tombish

Skill      XL: |  1  2  3  4  5  6  7  8  9 10 11 12 13 14 15 16 17 18 19 20 21 22 23 24 25 26 27 |
---------------+----------------------------------------------------------------------------------+-----
Short Blades   | 2 3 4 6 8 9 10 11 12 14 | 14.2
Stealth        | 4 5 6 7 8 10 11 14 15 16 18 | 18.2
Fighting       | 1 2 3 5 6 8 9 11 13 14 15 23 | 23.4
Hexes          | 5 6 9 11 12 | 12.4
Spellcasting   | 4 5 6 7 11 14 15 17 18 19 25 | 25.0
Dodging        | 3 4 6 8 10 11 12 20 | 20.9
Evocations     | 3 5 6 9 12 | 12.0
Invocations    | 1 6 7 10 13 16 21 | 21.5
Summonings     | 1 5 8 |  8.1
Air Magic      | 1 6 8 10 12 14 15 16 23 | 23.5
Necromancy     | 1 2 5 11 | 11.4
Conjurations   | 7 11 14 16 18 19 20 21 | 21.6
Shields        | 3 6 15 | 15.1
Translocations | 2 4 |  4.3
Earth Magic    | 9 12 14 23 | 23.7
Armour         | 6 |  6.0
Transmutations | 1 7 |  7.0
Long Blades    | 5 10 17 | 17.2

Action                   |  1- 3 |  4- 6 |  7- 9 | 10-12 | 13-15 | 16-18 | 19-21 | 22-24 | 25-27 || total
-------------------------+-------+-------+-------+-------+-------+-------+-------+-------+-------++-------
Melee: Dagger            |   112 |   132 |   293 |   420 |   932 |   216 |       |       |       ||  2105
       Cutlass           |       |       |       |       |       |   590 |  1078 |   523 |       ||  2191
       Quick blade       |       |       |       |       |       |       |       |  1387 |  1352 ||  2739
       Headbutt          |       |       |       |       |       |       |       |       |   118 ||   118
       Double sword      |       |       |       |       |       |       |       |       |  2491 ||  2491
       Kick              |       |       |       |       |       |       |       |       |   511 ||   511
Throw: Stone             |    14 |       |       |       |       |       |       |       |       ||    14
       Tomahawk          |     6 |     3 |     3 |     3 |     2 |       |       |       |       ||    17
 Cast: Corona            |     8 |     1 |       |     3 |       |       |       |       |       ||    12
       Ensorcelled Hiber |    14 |    23 |    73 |    54 |    80 |       |       |       |       ||   244
       Confuse           |     9 |     6 |    63 |    95 |   158 |   180 |   143 |   215 |   151 ||  1020
       Tukima's Dance    |       |     3 |     8 |     6 |    42 |    58 |    78 |    51 |     2 ||   248
       Summon Lightning  |       |       |       |    46 |    82 |    55 |    75 |    50 |    68 ||   376
       Airstrike         |       |       |       |    41 |   179 |   110 |    53 |    50 |    13 ||   446
       Animate Skeleton  |       |       |       |    26 |    43 |    21 |    17 |    22 |     5 ||   134
       Apportation       |       |       |       |       |     5 |     2 |       |     4 |    14 ||    25
       Invisibility      |       |       |       |       |    18 |    23 |    19 |    11 |    21 ||    92
       Regeneration      |       |       |       |       |     5 |    12 |    14 |    20 |   154 ||   205
       Dazzling Spray    |       |       |       |       |     1 |     8 |     4 |       |       ||    13
       Lightning Bolt    |       |       |       |       |     2 |    66 |   238 |   176 |   201 ||   683
       Passwall          |       |       |       |       |     2 |     7 |       |     9 |    36 ||    54
       Passage of Golubr |       |       |       |       |       |     3 |     4 |     4 |    20 ||    31
       Blink             |       |       |       |       |       |     2 |    10 |     8 |    78 ||    98
       Iron Shot         |       |       |       |       |       |       |    49 |   103 |   325 ||   477
       Spectral Weapon   |       |       |       |       |       |       |       |     7 |    44 ||    51
       Statue Form       |       |       |       |       |       |       |       |     1 |   140 ||   141
       Chain Lightning   |       |       |       |       |       |       |       |       |   283 ||   283
       Tornado           |       |       |       |       |       |       |       |       |   118 ||   118
       Lesser Beckoning  |       |       |       |       |       |       |       |       |    12 ||    12
       Sublimation of Bl |       |       |       |       |       |       |       |       |     2 ||     2
       Shatter           |       |       |       |       |       |       |       |       |     1 ||     1
Invok: Heroism           |       |       |       |       |     3 |     4 |     1 |     5 |       ||    13
       Stomp             |       |       |       |       |       |       |       |       |     1 ||     1
       Grand Finale      |       |       |       |       |       |       |       |       |     1 ||     1
 Abil: End Transformatio |       |       |       |       |       |       |       |       |     1 ||     1
Evoke: Wand              |       |       |    17 |    40 |   133 |    82 |    25 |     8 |    55 ||   360
       Lightning rod     |       |       |       |     2 |    20 |    11 |    14 |    18 |    10 ||    75
       Lamp of fire      |       |       |       |       |       |     1 |       |     2 |       ||     3
       Box of beasts     |       |       |       |       |       |       |     4 |     4 |     1 ||     9
       Phial of floods   |       |       |       |       |       |       |     3 |     2 |     2 ||     7
       Phantom mirror    |       |       |       |       |       |       |       |       |     7 ||     7
       Fan of gales      |       |       |       |       |       |       |       |       |     1 ||     1
       Figurine of a zig |       |       |       |       |       |       |       |       |     1 ||     1
  Use: Scroll            |     3 |     6 |    11 |    11 |    19 |    23 |    32 |    22 |   107 ||   234
       Potion            |     1 |       |       |     2 |     3 |     6 |     8 |       |    70 ||    90
 Stab: Sleeping          |    11 |    23 |    54 |    49 |    99 |    42 |    36 |    23 |    88 ||   425
       Confused          |     3 |     5 |    23 |    57 |    86 |   103 |    74 |   152 |   119 ||   622
       Distracted        |       |       |       |     7 |     3 |    11 |     9 |    14 |    21 ||    65
       Invisible         |       |       |       |       |    37 |    54 |    83 |    55 |    46 ||   275
       Paralysed         |       |       |       |       |       |     4 |     4 |    27 |   292 ||   327
  Eat: Chunk             |     4 |     9 |    16 |    24 |    46 |    26 |    25 |    30 |    30 ||   210
       Ration            |     1 |       |     2 |     2 |     4 |     5 |     8 |     8 |    43 ||    73
Armor: Robe              |    26 |    22 |    36 |    30 |   117 |    61 |       |       |       ||   292
       Acid dragon scale |       |       |       |       |       |    19 |   164 |   229 |   525 ||   937
       Skin              |       |       |       |       |       |       |       |     7 |  1516 ||  1523
Dodge: Dodged            |    76 |    71 |   105 |   138 |   412 |   277 |   537 |   601 |  2970 ||  5187
       Deflected         |       |       |       |       |     1 |    31 |    61 |    52 |    66 ||   211
Block: Buckler           |       |       |       |       |    23 |   125 |   315 |   359 |  1009 ||  1831
       Shield            |       |       |       |       |       |       |       |       |  1155 ||  1155
       Rpst.: Double sword |       |       |       |       |       |       |       |       |   448 ||   448

Table legend:
 A = Spawn XP
 B = Non-spawn XP
 C = Spawn XP percentage of total XP
 D = Spawn monster count
 E = Non-spawn monster count
 F = Spawn count percentage of total count
 G = Total turns spent on level
                    A         B        C        D         E        F      G
               +---------+---------+-------+---------+---------+-------+---------
         Total |  115818 | 3532421 |   3.2 |     171 |    4360 |   3.8 | 129856
               +---------+---------+-------+---------+---------+-------+---------
           D:1 |       0 |      64 |   0.0 |       0 |      27 |   0.0 |  1856
           D:2 |       0 |      50 |   0.0 |       0 |      13 |   0.0 |  1560
           D:3 |       0 |     318 |   0.0 |       0 |      22 |   0.0 |  1263
           D:4 |       0 |     364 |   0.0 |       0 |      11 |   0.0 |  1159
           D:5 |       0 |     604 |   0.0 |       0 |      14 |   0.0 |   904
           D:6 |       0 |     733 |   0.0 |       0 |      20 |   0.0 |  1303
           D:7 |       0 |     420 |   0.0 |       0 |       9 |   0.0 |  1060
           D:8 |       0 |    1313 |   0.0 |       0 |      24 |   0.0 |  1607
           D:9 |       0 |    1878 |   0.0 |       0 |      28 |   0.0 |  1417
          D:10 |       0 |    6985 |   0.0 |       0 |      44 |   0.0 |  2545
          D:11 |       0 |    4287 |   0.0 |       0 |      15 |   0.0 |  1459
          D:12 |       0 |    4415 |   0.0 |       0 |      30 |   0.0 |  1510
          D:13 |       0 |   10142 |   0.0 |       0 |      46 |   0.0 |  2440
          D:14 |       0 |    8807 |   0.0 |       0 |      21 |   0.0 |  1533
          D:15 |       0 |   14938 |   0.0 |       0 |      45 |   0.0 |  2537
        Lair:1 |       0 |    3560 |   0.0 |       0 |      11 |   0.0 |  1032
        Lair:2 |       0 |    5270 |   0.0 |       0 |      15 |   0.0 |  2306
        Lair:3 |       0 |    5830 |   0.0 |       0 |      27 |   0.0 |  1900
        Lair:4 |       0 |   12152 |   0.0 |       0 |      46 |   0.0 |  2233
        Lair:5 |       0 |   10244 |   0.0 |       0 |      45 |   0.0 |  1958
        Lair:6 |       0 |   18253 |   0.0 |       0 |      58 |   0.0 |  2186
       Swamp:1 |       0 |    7369 |   0.0 |       0 |      30 |   0.0 |  1584
       Swamp:2 |       0 |   17675 |   0.0 |       0 |      40 |   0.0 |  2167
       Swamp:3 |       0 |   14383 |   0.0 |       0 |      40 |   0.0 |  1169
       Swamp:4 |       0 |   18704 |   0.0 |       0 |      37 |   0.0 |  1418
       Snake:1 |       0 |   11614 |   0.0 |       0 |      30 |   0.0 |  2019
       Snake:2 |       0 |   37283 |   0.0 |       0 |      63 |   0.0 |  1489
       Snake:3 |       0 |   18280 |   0.0 |       0 |      34 |   0.0 |  1229
       Snake:4 |       0 |   41129 |   0.0 |       0 |      78 |   0.0 |  2126
       Slime:1 |       0 |    4798 |   0.0 |       0 |       6 |   0.0 |   191
       Slime:2 |       0 |    3931 |   0.0 |       0 |       4 |   0.0 |   448
       Slime:3 |       0 |   26209 |   0.0 |       0 |      46 |   0.0 |  1270
       Slime:4 |       0 |   17839 |   0.0 |       0 |      22 |   0.0 |   306
       Slime:5 |       0 |   49141 |   0.0 |       0 |      34 |   0.0 |  1329
         Orc:1 |       0 |    1342 |   0.0 |       0 |      20 |   0.0 |   683
         Orc:2 |       0 |   12813 |   0.0 |       0 |     100 |   0.0 |  1813
         Elf:1 |       0 |   31418 |   0.0 |       0 |      52 |   0.0 |  2784
         Elf:2 |       0 |   15944 |   0.0 |       0 |      26 |   0.0 |  1314
         Elf:3 |       0 |   54338 |   0.0 |       0 |      54 |   0.0 |  2350
      Vaults:1 |       0 |   85004 |   0.0 |       0 |     130 |   0.0 |  3734
      Vaults:2 |       0 |   41326 |   0.0 |       0 |      77 |   0.0 |  2137
      Vaults:3 |       0 |   62071 |   0.0 |       0 |     107 |   0.0 |  2810
      Vaults:4 |       0 |   23196 |   0.0 |       0 |      40 |   0.0 |  1478
      Vaults:5 |       0 |  158215 |   0.0 |       0 |     144 |   0.0 |  4413
       Crypt:1 |       0 |   25162 |   0.0 |       0 |      40 |   0.0 |  1251
       Crypt:2 |       0 |   22919 |   0.0 |       0 |      28 |   0.0 |  3779
       Crypt:3 |       0 |   77120 |   0.0 |       0 |      73 |   0.0 |  2912
        Tomb:1 |       0 |  176800 |   0.0 |       0 |      90 |   0.0 |  2565
        Tomb:2 |       0 |   45961 |   0.0 |       0 |      63 |   0.0 |   921
        Tomb:3 |       0 |   90935 |   0.0 |       0 |      73 |   0.0 |   881
      Depths:1 |       0 |   69588 |   0.0 |       0 |     122 |   0.0 |  4106
      Depths:2 |       0 |   52261 |   0.0 |       0 |      74 |   0.0 |  1994
      Depths:3 |       0 |   25462 |   0.0 |       0 |      50 |   0.0 |  1798
      Depths:4 |       0 |   34621 |   0.0 |       0 |      26 |   0.0 |  2531
      Depths:5 |       0 |   86297 |   0.0 |       0 |      84 |   0.0 |  4318
          Hell |       0 |   37675 |   0.0 |       0 |      64 |   0.0 |   969
         Dis:1 |       0 |   14134 |   0.0 |       0 |      20 |   0.0 |    84
         Dis:2 |       0 |    4658 |   0.0 |       0 |       9 |   0.0 |    53
         Dis:3 |       0 |   50409 |   0.0 |       0 |      64 |   0.0 |   249
         Dis:4 |       0 |    9061 |   0.0 |       0 |      10 |   0.0 |    56
         Dis:5 |       0 |    1875 |   0.0 |       0 |       6 |   0.0 |    44
         Dis:6 |       0 |     625 |   0.0 |       0 |       1 |   0.0 |    14
         Dis:7 |       0 |  118011 |   0.0 |       0 |     100 |   0.0 |   662
         Geh:1 |       0 |   25185 |   0.0 |       0 |      59 |   0.0 |   134
         Geh:2 |       0 |    1752 |   0.0 |       0 |       9 |   0.0 |    47
         Geh:5 |       0 |    9950 |   0.0 |       0 |      23 |   0.0 |   127
         Geh:6 |       0 |   16480 |   0.0 |       0 |      38 |   0.0 |    98
         Geh:7 |       0 |  136676 |   0.0 |       0 |     144 |   0.0 |   828
         Coc:1 |       0 |    7328 |   0.0 |       0 |      13 |   0.0 |    79
         Coc:2 |       0 |   13742 |   0.0 |       0 |      45 |   0.0 |    61
         Coc:3 |       0 |   10142 |   0.0 |       0 |      16 |   0.0 |    26
         Coc:4 |       0 |   42415 |   0.0 |       0 |      39 |   0.0 |   246
         Coc:5 |       0 |   13759 |   0.0 |       0 |      20 |   0.0 |    59
         Coc:6 |       0 |    3892 |   0.0 |       0 |       9 |   0.0 |    62
         Coc:7 |       0 |  139454 |   0.0 |       0 |     137 |   0.0 |   502
         Tar:1 |       0 |    5150 |   0.0 |       0 |      13 |   0.0 |    30
         Tar:2 |       0 |   17389 |   0.0 |       0 |      20 |   0.0 |    36
         Tar:3 |       0 |     947 |   0.0 |       0 |       2 |   0.0 |    45
         Tar:4 |       0 |    1036 |   0.0 |       0 |       8 |   0.0 |    43
         Tar:5 |       0 |     662 |   0.0 |       0 |       2 |   0.0 |    18
         Tar:6 |       0 |   36637 |   0.0 |       0 |      30 |   0.0 |    91
         Tar:7 |       0 |   28031 |   0.0 |       0 |      21 |   0.0 |   153
         Zot:1 |       0 |   73767 |   0.0 |       0 |      47 |   0.0 |  2057
         Zot:2 |       0 |   61345 |   0.0 |       0 |      42 |   0.0 |  1682
         Zot:3 |       0 |   84608 |   0.0 |       0 |      48 |   0.0 |  1212
         Zot:4 |       0 |   90519 |   0.0 |       0 |      52 |   0.0 |  1969
         Zot:5 |       0 |  193468 |   0.0 |       0 |      75 |   0.0 |  1892
       Abyss:1 |   13877 |    7974 |  63.5 |      14 |       8 |  63.6 |   266
       Abyss:3 |    3055 |    1995 |  60.5 |       8 |       5 |  61.5 |   507
       Abyss:4 |    1713 |    4568 |  27.3 |       8 |       7 |  53.3 |   160
           Pan |   97173 |  310100 |  23.9 |     141 |     296 |  32.3 |  8384
         Zig:1 |       0 |    3127 |   0.0 |       0 |       2 |   0.0 |   182
         Zig:2 |       0 |    3534 |   0.0 |       0 |       6 |   0.0 |    76
         Zig:3 |       0 |    5094 |   0.0 |       0 |       7 |   0.0 |    77
         Zig:4 |       0 |    6315 |   0.0 |       0 |      14 |   0.0 |   113
         Zig:5 |       0 |    7729 |   0.0 |       0 |      19 |   0.0 |   102
         Zig:6 |       0 |   14438 |   0.0 |       0 |      18 |   0.0 |   198
         Zig:7 |       0 |   21439 |   0.0 |       0 |      15 |   0.0 |   390
         Zig:8 |       0 |   42590 |   0.0 |       0 |      18 |   0.0 |   195
         Zig:9 |       0 |   26847 |   0.0 |       0 |      30 |   0.0 |   252
        Zig:10 |       0 |   41324 |   0.0 |       0 |      30 |   0.0 |   458
        Zig:11 |       0 |   34646 |   0.0 |       0 |      49 |   0.0 |   233
        Zig:12 |       0 |   64601 |   0.0 |       0 |      34 |   0.0 |   239
        Zig:13 |       0 |   35448 |   0.0 |       0 |      36 |   0.0 |   169
        Zig:14 |       0 |   27020 |   0.0 |       0 |      43 |   0.0 |   185
        Zig:15 |       0 |   48975 |   0.0 |       0 |      24 |   0.0 |   141
           Lab |       0 |    1844 |   0.0 |       0 |       4 |   0.0 |   373
         IceCv |       0 |     256 |   0.0 |       0 |       1 |   0.0 |    65
               +---------+---------+-------+---------+---------+-------+---------
